 Dungeon Crawl Stone Soup version 0.31.0-32-g396128a36d (webtiles) character file.

Game seed: 7850136854304862238

5819590 Prival the Conqueror (level 27, 273/273 HPs)
             Began as a Hill Orc Monk on Apr 3, 2024.
             Was the Champion of Beogh.
             Escaped with the Orb
             ... and 15 runes on Apr 6, 2024!
             The game lasted 1 day 00:36:00 (380918 turns).

Prival the Conqueror (Hill Orc Monk)          Turns: 380918, Time: 1 , 00:36:01

Health: 273/273    AC: 54    Str: 27    XL:     27
Magic:  54/54      EV: 13    Int: 23    God:    Beogh [******]
Gold:   21328      SH: 34    Dex: 13    Spells: 3/80 levels left

rFire   + + +        r - +9 broad axe (flame)
rCold   + + +        u - +10 tower shield of the Endless Expanse {rElec rF+ Slay+3}
rNeg    + + +        p - +12 gold dragon scales
rPois   ∞            i - +2 helmet {SInv}
rElec   +            q - +2 cloak {rCorr}
rCorr   +            l - +2 pair of gloves {Str+3}
SInv    +            M - +1 pair of boots of the Ego {+Blink rC+ Regen+ Int+3}
Will    ++++.        Y - amulet of Liberty {RegenMP rC++} Stlth
                     e - ring of the Quick God {Fire *Corrode Will+ Int+6}
HPRegen 1.45/turn    U - ring of the Mage {Wiz Archmagi}
MPRegen 0.74/turn

%: corrode self (3%), wizardry (x1), archmagi
@: death-form, studying 7 skills
A: vile attack, torment immunity, no potions, walk on water, cold resistance 1,
mutation resistance 1
0: Orb of Zot
}: 15/15 runes: barnacled, slimy, silver, golden, iron, obsidian, icy, bone,
abyssal, demonic, glowing, magical, fiery, dark, gossamer
a: Siphon Essence, Begin Untransformation, Renounce Religion, Evoke Blink,
Smiting, Recall Orcish Followers, Give Item to Named Follower, Resurrection


You escaped.
You worshipped Beogh.
Beogh was exalted by your worship.
You were an undying horror.
You visited 18 branches of the dungeon, and saw 88 of its levels.
You visited Pandemonium 23 times, and saw 73 of its levels.
You visited the Abyss 16 times.
You visited 2 ziggurats (completing 1), and saw 40 of their levels.
You also visited: Trove, Sewer, Gauntlet, Ice Cave and Volcano.

You collected 33089 gold pieces.
You spent 11761 gold pieces at shops.

Inventory:

Hand Weapons
 r - a +9 broad axe of flaming (weapon)
Armour
 i - a +2 helmet of see invisible (worn)
 l - a +2 pair of gloves of strength (worn)
 p - +12 gold dragon scales (worn)
 q - a +2 cloak of preservation (worn)
 u - the +10 tower shield of the Endless Expanse (worn) {rElec rF+ Slay+3}
   (You took it off a daeva in Pandemonium)

   Slay+3:    It affects your accuracy & damage with ranged weapons and melee
   (+3).
   rF+:       It protects you from fire.
   rElec:     It insulates you from electricity.
 M - the +1 pair of boots of the Ego (worn) {+Blink rC+ Regen+ Int+3}
   (You acquired it in Pandemonium)

   Int+3:     It affects your intelligence (+3).
   rC+:       It protects you from cold.
   +Blink:    It lets you blink.
   Regen+:    It increases your rate of health regeneration.
Magical Staves
 n - the staff "Lopeij" {Fly rF++ rC+ Str-3 Conj Ice Alchemy}
   (You found it on level 10 of a ziggurat)

   [staff of cold]

   Base accuracy: +5 Base damage: 5 Base attack delay: 1.2 This weapon's minimum
   attack delay (0.6) is reached at skill level 12.
   Str-3:     It affects your strength (-3).
   rF++:      It greatly protects you from fire.
   rC+:       It protects you from cold.
   Fly:       It grants you flight.
   Conj:      It increases the power of your Conjurations spells.
   Ice:       It increases the power of your Ice spells.
   Alchemy:   It increases the power of your Alchemy spells.
   It falls into the 'Staves' category.
   It is a one-handed weapon.
Jewellery
 e - the ring of the Quick God (left hand) {Fire *Corrode Will+ Int+6}
   (You found it in Pandemonium)

   [ring of fire]

   Fire:      It enhances your fire magic.
   Int+6:     It affects your intelligence (+6).
   rF+:       It protects you from fire.
   rC-:       It makes you vulnerable to cold.
   Will+:     It increases your willpower.
   *Corrode:  It may corrode you when you take damage.
 o - the ring of Descent {rElec rPois Int+6}
   (You took it off Antaeus on level 7 of Cocytus)

   [ring of intelligence]

   Int+6:     It affects your intelligence (+6).
   rElec:     It insulates you from electricity.
   rPois:     It protects you from poison
 s - the amulet of the Air {Inacc Air Fly rElec RMsl}
   (You found it on level 25 of a ziggurat)

   [amulet of nothing]

   Inacc:     It reduces the accuracy of your attacks and spells.
   Air:       It enhances your air magic.
   rElec:     It insulates you from electricity.
   Fly:       It grants you flight.
   RMsl:      It protects you from missiles.
 w - the amulet of the Four Winds {rN+ Will+++ Clar}
   (You found it on level 4 of the Shoals)

   [amulet of nothing]

   rN+:       It protects you from negative energy.
   Will+++:   It greatly increases your willpower.
   Clar:      It protects you from confusion, rage, mesmerisation and fear.
 x - the amulet of Greed {Reflect Regen+ Dex+3 SH+5}
   (You found it on level 15 of a ziggurat)

   [amulet of reflection]

   Reflect:   It reflects blocked missile attacks.
   Dex+3:     It affects your dexterity (+3).
   Regen+:    It increases your rate of health regeneration.
   SH+5:      It affects your SH (+5).
 C - the ring "Oczauroo" {Will++ Int-2 Slay+6 SInv}
   (You took it off a tengu reaver on level 2 of the Depths)

   [ring of see invisible]

   Int-2:     It affects your intelligence (-2).
   Slay+6:    It affects your accuracy & damage with ranged weapons and melee
   (+6).
   Will++:    It greatly increases your willpower.
   SInv:      It lets you see invisible.
 U - the ring of the Mage (right hand) {Wiz Archmagi}
   (You found it on level 20 of a ziggurat)

   [ring of wizardry]

   Wiz:       It improves your spell success rate.
   Archmagi:  It increases the power of your magical spells.
 Y - the amulet of Liberty (around neck) {RegenMP rC++}
   (You took it off a vault sentinel on level 4 of the Vaults)

   [amulet of magic regeneration]

   RegenMP:   It increases your rate of magic regeneration.
   rC++:      It greatly protects you from cold.
Talismans
 b - a talisman of death (active)
Wands
 a - a wand of acid (103) (quivered)
 d - a wand of polymorph (73)
 g - a wand of roots (224)
 h - a wand of digging (94)
 T - a wand of paralysis (197)
Scrolls
 c - 66 scrolls of teleportation
 j - 56 scrolls of fog
 k - 10 scrolls of silence
 t - 12 scrolls of blinking
 A - 26 scrolls of fear
 E - 13 scrolls of summoning
 H - 22 scrolls of immolation
 K - 20 scrolls of vulnerability
 N - 42 scrolls of revelation
Potions
 f - 4 potions of mutation
 m - 30 potions of heal wounds
 v - 10 potions of ambrosia
 B - 19 potions of brilliance
 D - 30 potions of lignification
 F - 19 potions of enlightenment
 G - 11 potions of resistance
 L - 19 potions of cancellation
 O - 56 potions of curing
 Q - 15 potions of might
 V - 9 potions of invisibility
 W - 12 potions of magic
 Z - 13 potions of haste
Miscellaneous
 y - a +1 figurine of a ziggurat
 I - a box of beasts
 J - a lightning rod (4/4)
 P - a phantom mirror
 R - a phial of floods
 S - a tin of tremorstones (2/2)
 X - the horn of Geryon


   Skills:
 O Level 27 Fighting
 - Level 19.7 Axes
 O Level 27 Armour
 - Level 17.0 Dodging
 O Level 27 Shields
 O Level 27 Spellcasting
 O Level 27 Conjurations
 - Level 25.2 Hexes
 O Level 27 Summonings
 - Level 26.1 Necromancy
 - Level 13.1 Translocations
 O Level 27 Fire Magic
 O Level 27 Ice Magic
 O Level 27 Air Magic
 + Level 22.2 Earth Magic
 O Level 27 Invocations
 - Level 15.0 Evocations
 - Level 24.0 Shapeshifting


You had 3 spell levels left.
You knew the following spells:

 Your Spells              Type           Power      Damage    Failure   Level
a - Polar Vortex          Ice            62%        12d8*     4%          9
b - Death Channel         Necr           61%        N/A       0%          6
c - Sublimation of Blood  Necr           100%       N/A       0%          2
d - Chain Lightning       Conj/Air       62%        3d83      4%          9
e - Fire Storm            Conj/Fire      74%        8d19      4%          9
f - Borgnjor's Vile Clut  Necr/Erth      59%        N/A       0%          5
g - Dragon's Call         Summ           62%        N/A       4%          9
h - Discord               Hex            60%        N/A       1%          8
i - Passage of Golubria   Tloc           95%        N/A       1%          4
m - Borgnjor's Revivific  Necr           61%        N/A       1%          8
o - Ignition              Fire           74%        3d19      1%          8

Your spell library contained the following spells:

 Spells                   Type           Power      Damage    Failure   Level
 Foxfire                  Conj/Fire      100%       2x1d9     0%          1
 Freeze                   Ice            100%       1d10      0%          1
 Kiss of Death            Conj/Necr      100%       2d13      0%          1
 Magic Dart               Conj           100%       1d8       0%          1
 Necrotise                Necr           100%       1d9       0%          1
 Sandblast                Erth           100%       2d20      0%          1
 Shock                    Conj/Air       100%       1d9       0%          1
 Slow                     Hex            100%       N/A       0%          1
 Sting                    Conj/Alch      100%       1d9       0%          1
 Summon Small Mammal      Summ           100%       N/A       0%          1
 Call Imp                 Summ           100%       N/A       0%          2
 Cigotuvi's Dreadful Rot  Necr/Alch/Air  100%       N/A       0%          2
 Ensorcelled Hibernation  Hex/Ice        100%       N/A       0%          2
 Jinxbite                 Hex            100%       N/A       0%          2
 Momentum Strike          Conj/Tloc      100%       3d10      0%          2
 Scorch                   Fire           100%       2d9       0%          2
 Searing Ray              Conj           100%       2d8       0%          2
 Static Discharge         Conj/Air       100%       3-8/arc   0%          2
 Call Canine Familiar     Summ           100%       N/A       0%          3
 Confusing Touch          Hex            100%       N/A       0%          3
 Dazzling Flash           Conj/Hex       100%       N/A       0%          3
 Frozen Ramparts          Ice            100%       1d16      0%          3
 Fugue of the Fallen      Necr           100%       N/A       0%          3
 Hailstorm                Conj/Ice       100%       3d16      0%          3
 Inner Flame              Hex/Fire       100%       N/A       0%          3
 Mephitic Cloud           Conj/Alch/Air  100%       N/A       0%          3
 Ozocubu's Armour         Ice            100%       N/A       0%          3
 Passwall                 Erth           100%       N/A       0%          3
 Sigil of Binding         Hex            100%       N/A       0%          3
 Stone Arrow              Conj/Erth      100%       3d13      0%          3
 Summon Ice Beast         Ice/Summ       100%       N/A       0%          3
 Swiftness                Air            100%       N/A       0%          3
 Tukima's Dance           Hex            100%       N/A       0%          3
 Vampiric Draining        Necr           100%       2d13      0%          3
 Volatile Blastmotes      Fire/Tloc      100%       2d18      0%          3
 Apportation              Tloc           100%       N/A       1%          1
 Blink                    Tloc           100%       N/A       1%          2
 Lesser Beckoning         Tloc           100%       N/A       1%          2
 Mercury Vapours          Alch/Air       100%       N/A       1%          2
 Gell's Gravitas          Tloc           95%        N/A       1%          3
 Teleport Other           Tloc           95%        N/A       1%          3
 Airstrike                Air            62%        2d(9-25)  0%          4
 Anguish                  Hex/Necr       61%        N/A       0%          4
 Animate Armour           Summ/Erth      100%       N/A       0%          4
 Animate Dead             Necr           100%       N/A       0%          4
 Brom's Barrelling Bould  Conj/Erth      100%       2d11      0%          4
 Cause Fear               Hex            60%        N/A       0%          4
 Dimensional Bullseye     Hex/Tloc       54%        N/A       0%          4
 Dispel Undead            Necr           100%       3d31      0%          4
 Flame Wave               Conj/Fire      100%       2d21      0%          4
 Iskenderun's Mystic Bla  Conj/Tloc      100%       2d19      0%          4
 Martyr's Knell           Necr/Summ      100%       N/A       0%          4
 Summon Blazeheart Golem  Fire/Summ      100%       N/A       0%          4
 Summon Lightning Spire   Summ/Air       100%       N/A       0%          4
 Vhi's Electric Charge    Tloc/Air       100%       N/A       0%          4
 Arcjolt                  Conj/Air       62%        1d72      0%          5
 Curse of Agony           Necr           100%       N/A       0%          5
 Fireball                 Conj/Fire      74%        3d28      0%          5
 Freezing Cloud           Conj/Ice/Air   62%        6-21      0%          5
 Iskenderun's Battlesphe  Conj           100%       2d15      0%          5
 Lee's Rapid Deconstruct  Erth           58%        3d27*     0%          5
 Metabolic Englaciation   Hex/Ice        61%        N/A       0%          5
 Silence                  Hex/Air        61%        N/A       0%          5
 Summon Mana Viper        Hex/Summ       100%       N/A       0%          5
 Conjure Ball Lightning   Conj/Air       62%        3x3d22    0%          6
 Plasma Beam              Fire/Air       74%        2x1d91    0%          6
 Starburst                Conj/Fire      74%        6d19      0%          6
 Summon Cactus Giant      Summ           62%        N/A       0%          6
 Fulminant Prism          Conj/Alch      48%        3d21      1%          4
 Ignite Poison            Fire/Alch      100%       N/A       1%          4
 Leda's Liquefaction      Alch/Erth      44%        N/A       1%          4
 Manifold Assault         Tloc           95%        N/A       1%          4
 Petrify                  Alch/Erth      89%        N/A       1%          4
 Sticky Flame             Fire/Alch      100%       2d15      1%          4
 Irradiate                Conj/Alch      48%        3d27      1%          5
 Summon Forest            Summ/Tloc      55%        N/A       1%          5
 Yara's Violent Unravell  Hex/Alch       46%        3d18      1%          5
 Bombard                  Conj/Erth      60%        9d10      1%          6
 Dispersal                Tloc           47%        N/A       1%          6
 Sculpt Simulacrum        Ice/Alch       48%        N/A       1%          6
 Enfeeble                 Hex            60%        N/A       1%          7
 Haunt                    Necr/Summ      62%        N/A       1%          7
 Malign Gateway           Summ/Tloc      55%        N/A       1%          7
 Monstrous Menagerie      Summ           62%        N/A       1%          7
 Orb of Destruction       Conj           62%        9d15      1%          7
 Ozocubu's Refrigeration  Ice            62%        4d21      1%          7
 Spellforged Servitor     Conj/Summ      62%        N/A       1%          7
 Summon Hydra             Summ           62%        N/A       1%          7
 Infestation              Necr           61%        N/A       1%          8
 Lehudib's Crystal Spear  Conj/Erth      60%        10d14     1%          8
 Maxwell's Capacitive Co  Air            62%        ∞         1%          8
 Summon Horrible Things   Summ           62%        N/A       1%          8
 Death's Door             Necr           61%        N/A       5%          9
 Olgreb's Toxic Radiance  Alch           46%        N/A       24%         4
 Shatter                  Erth           58%        3d43*     26%         9
 Alistair's Intoxication  Alch           30%        N/A       52%         5
 Disjunction              Tloc           47%        N/A       54%         8
 Eringya's Noxious Bog    Alch           23%        4d6       97%         6


Dungeon Overview and Level Annotations

Branches:
Dungeon (15/15)            Temple (1/1) D:6            Lair (5/5) D:9
 Shoals (4/4) Lair:2       Spider (4/4) Lair:2        Slime (5/5) Lair:4
    Orc (2/2) D:9             Elf (3/3) Orc:2        Vaults (5/5) D:13
  Crypt (3/3) Vaults:3       Tomb (3/3) Crypt:3      Depths (4/4) D:15
   Hell (visited)             Dis (7/7) Hell            Geh (7/7) Hell
    Coc (7/7) Hell            Tar (7/7) Hell            Zot (5/5) Depths:4
  Sewer (visited)           IceCv (visited)         Volcano (visited)
Gauntlet (visited)

Altars:
Ashenzari
Cheibriados
Dithmenos
Elyvilon
Fedhas
Gozag
Hepliaklqana
Kikubaaqudgha
Makhleb
Nemelex Xobeh
Okawaru
Qazlal
Ru
Sif Muna
Trog
Uskayaw
Vehumet
Wu Jian
Xom
Yredelemnul
Zin
The Shining One
Beogh
Jiyva
Lugonu

Shops:
D:7 *   D:11 ?   Orc:1 *   Orc:2 ([(   Elf:1 :[   Elf:3 *   Vaults:2 [([

Portals:
Hell: Depths:1 Depths:2 Depths:3 Depths:4
Abyss: D:3 Depths:3
Pandemonium: Depths:2 Depths:4


Innate Abilities, Weirdness & Mutations

You are an undying horror.
Your melee and unarmed attacks drain, slow and weaken victims.
You are immune to unholy pain and torment.
You cannot drink.
You are immune to poison.
You can walk on water.
Your flesh is cold resistant. (rC+)
You are somewhat resistant to further mutation.


Message History

You begin recalling your allies.
Zartorak is recalled.
Arbolt is recalled.
Your orc warlord is recalled.
Orkrul is recalled.
Jorge is recalled.
Wulfoc is recalled.
Geork is recalled.
Bolgrim is recalled.
Alork is recalled.
Arbeogh is recalled.
Bogmar is recalled.
Gorbash is recalled.
Spirok is recalled.
Morguth is recalled.
Blodwig is recalled.
Borgoth is recalled.
Wardok is recalled.
Zorug is recalled.
Rocco is recalled.
Warbeogh is recalled.
Nordag is recalled.
Arbolt is recalled.
Your orc warlord is recalled.
Borgun is recalled.
Your orc knight is recalled.
Argrim is recalled.
Your orc knight is recalled.
Ortolf is recalled.
Bogbrand is recalled.
Your orc sorcerer is recalled.
Arbeogh is recalled.
Thorok is recalled.
Borgun is recalled.
Orkwin is recalled.
Milork is recalled.
Zorug shouts, "You are history!"
Beogh accepts your kill.
You feel a bit more experienced. Beogh accepts your kill.
You feel a bit more experienced. Beogh accepts your kill.
You feel a bit more experienced. Beogh accepts your kill.
Beogh blesses a follower with healing.
You feel a bit more experienced. Beogh accepts your kill.
Beogh appreciates your killing of a heretic priest.
You feel a bit more experienced.
Ortolf looks friendly.
Beogh accepts your kill.
Beogh appreciates your killing of a heretic priest.
You feel a bit more experienced.
You start waiting.
Your orc warrior is recalled.
Borgun yells, "Run!
I'll cover you!"
You finish recalling your allies.
Cleave: r) +9 broad axe (flame)
Press: ? - help, Dir - move target, f - you
Okay, then.
You have escaped!

.##'######+#.###o####........#
.....#.......#ooooo##........#
.....'.......#ooooo##........#
.....#.......#ooooo#####.....####
.....#......##o###o# #.........
.....'>.....##o#o#o# #.........
.....#......##o###o# ##........
.....#......##ooooo# #########
######......##oozoo#
#......##ooooo# ###############


You could see 2 friendly orc warlords, 2 friendly orc warlords, the friendly
Arbolt the orc warlord, the friendly Argrim the orc warlord, the friendly
Blodwig the orc warlord, the friendly Bogbrand the orc warlord, the friendly
Bogmar the orc warlord, the friendly Bolgrim the orc warlord, the friendly
Borgun the orc warlord, the friendly Geork the orc warlord, the friendly Jorge
the orc warlord, the friendly Milork the orc warlord, the friendly Morguth the
orc warlord, the friendly Orkrul the orc warlord, the friendly Rocco the orc
warlord, the friendly Spirok the orc warlord, the friendly Thorok the orc
warlord, the friendly Ugbert the orc warlord, the friendly Wardok the orc
warlord, the friendly Wulfoc the orc warlord, the friendly Zartorak the orc
warlord, 3 friendly orc knights, the friendly Borgoth the orc knight, the
friendly Borgun the orc knight, the friendly Gorbash the orc knight, the
friendly Orkwin the orc knight, the friendly Warbeogh the orc knight, the
friendly Alork the orc high priest, the friendly Arbolt the orc high priest, a
friendly orc sorcerer, the friendly Zorug the orc sorcerer and a friendly orc
warrior.

Vanquished Creatures
  Antaeus (Coc:7)
  the Royal Jelly (Slime:5)
  Asmodeus (Geh:7)
  Ignacio (Pan)
  Ereshkigal (Tar:7)
  A seraph (Pan)
  the Serpent of Hell (Dis:7)
  Gloorx Vloq (Pan)
  Dispater (Dis:7)
  8 dread liches
  6 ancient liches
  14 orbs of fire
  Mennas (Pan)
  7 juggernauts
  46 royal mummies
  Bai Suzhen (Crypt:2)
  20 shard shrikes
  7 Killer Klowns
  3 curse toes
  Geryon (Hell)
  26 caustic shrikes
  9 golden dragons
  26 bone dragons
  19 profane servitors
  72 pandemonium lords
  8 iron giants
  3 pearl dragons
  64 Tzitzimimeh
  9 hellephants
  An electric golem (Zot:5)
  19 tentacled monstrosities
  9 doom hounds
  39 Hell Sentinels
  52 Brimstone Fiends
  77 Ice Fiends
  20 Orb Guardians
  A spectral shard shrike (Tar:6)
  A shard shrike skeleton (Crypt:3)
  13 liches
  19 titans
  7 deep elf master archers
  33 tainted leviathans
  4 deep elf blademasters
  11 searing wretches
  6 quicksilver dragons
  2 sphinxes (shapeshifter) (Zig:25)
  5 sphinxes
  19 acid blobs
  5 walking frostbound tomes
  A quicksilver dragon (shapeshifter) (Zig:25)
  44 ancient champions
  6 death cobs
  2 eldritch tentacles (Pan)
  144 Executioners
  37 tentacled starspawn
  3 krakens
  Donald (Shoals:1)
  10 tengu reavers
  3 nagarajas
  A thorn hunter (Zig:18)
  6 fenstrider witches
  68 daevas
  8 storm dragons
  13 azure jellies
  10 fire giants
  6 shadow dragons
  23 narguns
  6 rockslimes
  23 protean progenitors
  7 revenants
  57 demonspawn warmongers
  5 deep elf sorcerers
  110 balrugs
  21 draconian monks
  9 vault wardens
  7 emperor scorpions
  12 quicksilver elementals
  23 draconian knights
  8 deep elf elementalists
  12 draconian shifters
  7 frost giants
  A caustic shrike zombie (Crypt:3)
  A spectral juggernaut (Tar:3)
  143 angels
  A spectral caustic shrike (Tar:1)
  8 curse skulls
  35 draconian scorchers
  A storm dragon (shapeshifter) (Depths:3)
  5 shard shrike simulacra
  18 ghouls
  20 ghost moths
  10 ironbound preservers
  A very ugly thing (shapeshifter) (Zig:25)
  160 reapers
  4 formless jellyfish
  65 demonspawn blood saints
  71 demonspawn corrupters
  14 draconian stormcallers
  23 draconian annihilators
  95 cacodemons
  A broodmother (Zig:14)
  35 very ugly things
  17 caustic shrike skeletons
  30 juggernaut skeletons (Pan)
  2 fenstrider witches (shapeshifter) (Depths:3)
  19 quicksilver oozes
  An orc warlord (Zig:9)
  11 stone giants
  5 vampire knights
  18 elemental wellsprings
  24 wendigos
  6 deep elf death magi
  79 ophanim
  32 putrid mouths
  122 apis (Pan)
  21 war gargoyles
  75 demonspawn black suns
  2 eleionomae
  An ironbound thunderhulk (Vaults:2)
  12 purple draconians
  14 yellow draconians
  2 emperor scorpions (shapeshifter)
  3 bunyips
  8 deep elf demonologists
  20 green draconians
  5 bennus
  18 black draconians
  6 spark wasps
  13 red draconians
  80 lorocyprocas
  A minotaur (Gauntlet)
  2 spectral titans
  A bunyip (shapeshifter) (Depths:3)
  16 deep elf annihilators
  4 dire elephants
  3 iron golems
  14 white draconians
  105 green deaths
  12 eidola
  10 ettins
  111 blizzard demons
  3 quicksilver dragon zombies
  3 fire dragons
  2 spriggan zombies
  An entropy weaver (shapeshifter) (D:15)
  3 spectral spriggans
  2 spectral krakens (Tar:7)
  4 merfolk impalers
  2 crystal guardians
  7 merfolk javelineers
  29 mummy priests
  4 shambling mangroves (Zig:18)
  9 jiangshi
  An entropy weaver (Spider:1)
  12 deep elf high priests
  15 great orbs of eyes
  2 ice dragons
  9 yaktaur captains
  Fannar (Orc:2)
  A hydra (shapeshifter) (Zig:25)
  22 vault guards
  14 rakshasas
  11 caustic shrike simulacra
  9 salamander tyrants
  11 hydras
  2 ogre magi
  A quicksilver dragon skeleton (Crypt:3)
  A merfolk avatar (Shoals:4)
  4 alligator snapping turtles
  24 hell beasts
  2 juggernaut simulacra
  4 stokers
  2 peacekeepers
  A catoblepas (Zig:12)
  A fenstrider witch skeleton (Crypt:1)
  7 ironbound frosthearts
  An alligator (Zig:18)
  4 jorogumos
  2 spectral stone giants (Tar:1)
  2 spriggan air magi
  6 two-headed ogres
  11 merfolk aquamancers
  6 satyrs
  6 radroaches
  2 tengu warriors
  A death knight (Crypt:1)
  5 boulder beetles
  8 centaur warriors
  2 boulder beetles (shapeshifter)
  38 dancing weapons
  3 deep troll earth magi
  4 deep troll shamans
  197 demonic crawlers
  3 titan zombies
  2 spectral dire elephants
  12 hell hogs
  11 death yaks
  11 vampire magi
  118 death scarabs
  53 thrashing horrors
  A spectral naga (Crypt:3)
  490 sun demons
  2 orc high priests (Pan)
  3 shock serpents (Pan)
  A spectral storm dragon (Crypt:3)
  A spriggan (Zig:18)
  5 holy swine
  13 deep elf knights
  285 soul eaters
  21 hell knights
  A shock serpent (shapeshifter) (Depths:3)
  3 titan skeletons
  4 skysharks
  45 wretched stars
  A fire crab (shapeshifter) (Abyss:2)
  21 hellephant skeletons (Pan)
  8 crystal echidnas
  3 iron trolls (Depths:3)
  A skyshark (shapeshifter) (Zig:25)
  2 storm dragon zombies (Zig:23)
  Amaemon (Lair:2)
  29 shadow wraiths
  5 spatial maelstroms
  8 pharaoh ants (Zig:14)
  A storm dragon skeleton (Zig:15)
  5 quicksilver dragon simulacra
  7 fire crabs
  A sea snake (shapeshifter) (Zig:25)
  A bunyip zombie (Tomb:3)
  134 sixfirhies
  15 skeletal warriors
  3 golden dragon zombies
  69 cherubim
  14 glowing orange brains
  107 shadow demons
  3 death drakes
  34 deep trolls
  12 sun moths
  A mana viper (shapeshifter) (Depths:3)
  2 goliath frogs
  9 orb spiders
  12 deep elf archers
  9 sea snakes
  4 obsidian statues
  2 spectral anacondas
  5 swamp dragons
  2 naga ritualists
  16 phantasmal warriors
  4 spriggan druids
  7 flayed ghosts
  A glowing orange brain (shapeshifter) (D:15)
  2 bog bodies
  A ghost moth zombie (Zot:2)
  8 lindwurms
  Pikel (D:7)
  A golden dragon skeleton (Crypt:2)
  5 arcanists
  14 ironbound convokers
  13 deep elf zephyrmancers
  A spectral hydra (Tar:4)
  19 harpies
  2 orange crystal statues (Zig:7)
  2 steelbarb worms
  8 necromancers
  A goliath frog (shapeshifter) (Depths:3)
  21 deep elf pyromancers
  9 orc knights
  13 will-o-the-wisps
  18 wolf spiders
  10 manticores
  19 ugly things
  A shining eye (shapeshifter) (Zig:25)
  A draconian zombie (Zot:2)
  2 iron dragon skeletons
  10 shining eyes
  2 spectral centaurs
  3 orc sorcerers
  A manticore (shapeshifter) (Depths:3)
  Maurice (D:7)
  15 moths of wrath
  4 shadow dragon skeletons
  10 fauns
  17 cyclopes
  5 worldbinders
  An eleionoma zombie (Crypt:1)
  A salamander (Abyss:2)
  A stone giant zombie (Crypt:3)
  A steelbarb worm (shapeshifter) (Depths:3)
  411 large abominations
  6 kobold blastminers
  4 Executioner simulacra (Pan)
  3 elephants (Lair:4)
  13 rust devils
  2 meliai (shapeshifter)
  15 meliai
  396 smoke demons
  A black mamba (shapeshifter) (Abyss:2)
  15 vault sentinels
  10 merfolk sirens
  2 naga zombies
  4 guardian serpents
  11 water nymphs
  A centaur zombie (Abyss:1)
  6 molten gargoyles
  5 torpor snails
  3 black mambas
  2 titan simulacra
  5 eyes of devastation
  10 apocalypse crabs
  10 ice statues
  99 orange demons
  2 naga magi
  An eye of devastation (shapeshifter) (Depths:3)
  A guardian serpent (shapeshifter) (Zig:13)
  Maggie (D:7)
  A torpor snail (shapeshifter) (Zig:25)
  A gargoyle (D:7)
  4 unseen horrors
  9 cane toads
  7 spectral swamp worms (Tar:7)
  3 dire elephant skeletons
  A centaur skeleton (Tomb:1)
  4 kobold demonologists
  5 rime drakes
  3 bunyip simulacra
  A rime drake (shapeshifter) (Zig:19)
  2 nameless horrors
  96 hellions
  2 tengu conjurers
  23 efreet
  10 freezing wraiths
  62 guardian mummies
  A yaktaur skeleton (Vaults:3)
  3 komodo dragons
  9 yaktaurs
  5 anaconda simulacra
  137 hellwings
  142 tormentors
  30 ice devils
  2 golden dragon simulacra
  A queen bee (Abyss:3)
  4 trolls
  30 red devils
  14 polar bears
  A harpy zombie (Tomb:3)
  2 silent spectres
  A queen bee (shapeshifter) (Elf:1)
  5 spectral harpies
  4 wind drakes
  24 ancient zymes
  2 tyrant leeches
  A purple draconian skeleton (Crypt:3)
  17 merfolk
  3 shadow dragon simulacra
  A troll (shapeshifter) (Zig:10)
  An alligator simulacrum (Coc:2)
  A hornet (shapeshifter) (Zig:25)
  A wolf spider simulacrum (D:14)
  15 hornets
  4 dream sheep (Shoals:3)
  A wind drake (shapeshifter) (Zig:25)
  13 blink frogs
  15 tarantellas
  53 raiju
  A stone giant simulacrum (Coc:1)
  A dream sheep (shapeshifter) (Depths:3)
  6 glass eyes
  3 iron dragon simulacra
  94 slime creatures
  14 snapping turtles
  2 harpy skeletons
  An ettin zombie (Tomb:1)
  2 centaur simulacra
  10 air elementals
  14 culicivoras
  6 dire elephant simulacra
  8 shadows
  4 wyverns
  2 black mamba zombies
  8 jumping spiders
  3 vampires
  4 basilisks
  22 ushabtiu
  19 water elementals
  11 fire bats
  319 ynoxinuls
  2 spriggans (shapeshifter)
  2 black mamba skeletons
  56 yaks
  3 alligator snapping turtle simulacra
  13 wraiths
  4 fire elementals
  2 wargs
  197 neqoxecs
  11 golden eyes
  Eustachio (D:5)
  38 redbacks
  5 steam dragons
  311 chaos spawn
  5 vampire mosquitoes (D:12)
  A deep troll zombie (Crypt:3)
  3 acid dragons
  13 harpy simulacra
  6 nagas
  2 spatial vortices (Abyss:3)
  A swamp worm (shapeshifter) (Zig:25)
  2 swamp worms (Gauntlet)
  11 water moccasins
  40 small abominations
  A merfolk zombie (Crypt:2)
  3 hydra simulacra
  9 hell hounds
  A demonspawn skeleton (Crypt:3)
  4 sky beasts (D:7)
  A cane toad zombie (Crypt:3)
  3 swamp drakes (Lair:5)
  13 orc warriors
  2 ettin simulacra
  3 ice beasts
  A black bear (Lair:2)
  79 laughing skulls
  A cane toad skeleton (Crypt:1)
  An ice beast (shapeshifter) (D:14)
  24 wolves
  An ice dragon simulacrum (Coc:1)
  10 ogres
  7 boggarts
  8 centaurs
  A phantom (D:7)
  A yaktaur zombie (Crypt:3)
  11 kobold brigands
  11 bullfrogs
  19 weeping skulls
  12 brain worms
  9 earth elementals
  A gnoll sergeant (D:5)
  2 scorpions (D:7)
  A necrophage (Crypt:2)
  A deep troll simulacrum (Coc:2)
  A yak zombie (Crypt:2)
  A spriggan skeleton (Crypt:2)
  4 killer bees
  3 electric eels
  3 howler monkeys
  2 hounds
  6 lava snakes (Volcano)
  11 quasits
  Crazy Yiuf (D:5)
  A bombardier beetle (D:7)
  10 orc priests
  3 gnoll boudas
  A human zombie (Crypt:1)
  12 iron imps
  3 jellies
  129 starcursed masses
  2 sleepcaps (D:7)
  A hell rat (Hell)
  7 iguanas
  13 orc wizards
  5 spriggan simulacra
  A tengu zombie (Crypt:2)
  A deep dwarf zombie (Crypt:3)
  2 tengu skeletons
  103 mummies
  13 gnolls
  4 naga simulacra
  8 adders
  2 river rats (Sewer)
  2 shadow imps
  14 white imps
  10 ufetubi
  An adder skeleton (Crypt:1)
  The ghost of flammie80 the Trooper, a weakling FoMo (D:3)
  2 dart slugs
  30 orcs
  2 bats (D:1)
  3 endoplasms
  A giant cockroach (D:2)
  7 goblins
  2 hobgoblins
  3 quokkas
  4 ball pythons
  10 frilled lizards
  A hobgoblin skeleton (Crypt:2)
  11 kobolds
  8 rats
  16 aspiring fleshes
  3 ball lightnings
  A creeping inferno (Geh:2)
  17 fire vortices
  3 lurking horrors
  2 spectral weapons
  25 starspawn tentacles
  3 tentacles
9319 creatures vanquished.

Vanquished Creatures (collateral kills)
  Mnoleg (Pan)
  Lom Lobon (Pan)
  A dread lich (Crypt:1)
  Frederick (Vaults:4)
  An orb of fire (Zot:5)
  2 juggernauts
  10 royal mummies
  13 shard shrikes
  Saint Roka (Orc:2)
  2 Killer Klowns (Zot:5)
  8 pandemonium lords
  9 caustic shrikes
  5 profane servitors (Tar:7)
  A golden dragon (Zot:5)
  Nikola (Shoals:2)
  Norris (Elf:2)
  2 bone dragons
  A pearl dragon (Pan)
  9 Brimstone Fiends
  11 Tzitzimimeh
  An electric golem (Zot:5)
  5 hellephants
  A spectral shard shrike (Tar:4)
  6 iron giants
  9 Orb Guardians
  2 tainted leviathans
  3 tentacled monstrosities
  11 Ice Fiends
  16 Hell Sentinels
  A deep elf blademaster (Elf:3)
  5 searing wretches
  2 sphinxes (Vaults:4)
  5 titans
  5 quicksilver dragons
  Asterion (Spider:3)
  A deep elf master archer (Elf:3)
  12 acid blobs
  4 death cobs
  13 Executioners
  16 ancient champions
  Agnes (D:15)
  A kraken (Shoals:1)
  3 tentacled starspawn
  5 shadow dragons
  5 storm dragons
  Roxanne (Elf:2)
  4 tengu reavers
  2 emperor scorpions (Spider:4)
  5 quicksilver elementals
  8 rockslimes
  A revenant (Crypt:1)
  Ilsuiw (Shoals:1)
  3 fenstrider witches
  6 azure jellies
  5 fire giants
  3 frost giants
  2 protean progenitors
  6 narguns
  4 iron dragons
  29 balrugs
  8 demonspawn warmongers
  14 daevas (Pan)
  2 deep elf sorcerers (Elf:3)
  Louise (Elf:2)
  6 draconian shifters
  5 draconian knights
  3 shard shrike simulacra
  4 vault wardens
  5 orc warlords
  3 draconian scorchers
  A ghoul (Crypt:2)
  A ghost moth (Spider:3)
  7 demonspawn corrupters
  33 angels
  22 cacodemons (Pan)
  3 draconian stormcallers
  5 ironbound preservers
  2 quicksilver oozes (Slime:3)
  25 reapers
  10 demonspawn blood saints
  9 ophanim (Pan)
  2 caustic shrike skeletons (Pan)
  4 draconian annihilators
  3 juggernaut skeletons
  11 very ugly things
  7 stone giants
  4 formless jellyfish
  2 broodmothers (Spider:3)
  3 deep elf demonologists (Elf:3)
  8 spark wasps
  2 eleionomae
  2 deep elf death magi
  9 elemental wellsprings
  A vampire knight (Depths:2)
  4 deep elf annihilators
  3 green draconians
  10 demonspawn black suns
  10 putrid mouths
  29 apis (Pan)
  2 ironbound thunderhulks
  A lorocyproca (Pan)
  5 bennus
  12 purple draconians
  6 war gargoyles
  2 red draconians (Zot:2)
  3 yellow draconians
  5 white draconians
  2 wendigos
  A bunyip (Zig:4)
  3 dire elephants
  7 ettins
  8 green deaths
  13 blizzard demons
  An eidolon (Crypt:3)
  10 merfolk impalers
  A shambling mangrove (Zig:18)
  3 mummy priests
  A crystal guardian (Elf:3)
  An entropy weaver (shapeshifter) (Elf:1)
  A merfolk javelineer (Shoals:4)
  A spectral kraken (Tar:7)
  5 iron golems
  4 entropy weavers
  2 jiangshi
  Josephine (D:15)
  4 yaktaur captains
  A nameless horror (Coc:7)
  9 vault guards (Vaults:4)
  A fire dragon (Depths:4)
  11 orc knights
  A spectral spriggan (Crypt:3)
  6 great orbs of eyes
  5 hydras
  3 salamander tyrants
  5 hell beasts
  A sphinx zombie (Zig:23)
  5 rakshasas
  A merfolk avatar (Shoals:2)
  An ogre mage (Vaults:5)
  3 ice dragons
  2 juggernaut simulacra
  5 radroaches
  3 caustic shrike simulacra (Coc:7)
  3 merfolk aquamancers
  4 ironbound frosthearts
  5 boulder beetles
  A naga warrior (Abyss:2)
  4 centaur warriors (Vaults:2)
  2 alligator snapping turtles
  22 dancing weapons
  2 jorogumos
  A catoblepas (Lair:3)
  3 stokers (Geh:7)
  9 death scarabs
  6 two-headed ogres
  A tengu warrior (Depths:1)
  5 death yaks
  A spriggan berserker (Depths:4)
  A deep troll earth mage (Depths:1)
  2 vampire magi
  52 demonic crawlers
  2 thrashing horrors (Abyss:6)
  An orc high priest (Vaults:4)
  97 sun demons
  2 holy swine (Pan)
  A titan zombie (Zig:23)
  2 wretched stars
  15 hell knights
  4 crystal echidnas
  54 soul eaters
  15 sixfirhies
  3 hellephant skeletons (Pan)
  2 skysharks
  5 deep elf knights
  6 skeletal warriors
  4 sea snakes
  9 cherubim
  2 skysharks (shapeshifter)
  An iron troll (Depths:3)
  A pharaoh ant (Spider:2)
  3 swamp dragons
  3 quicksilver dragon simulacra (Coc:7)
  10 sun moths
  18 shadow demons
  3 flayed ghosts
  4 glowing orange brains
  9 deep elf archers
  2 lindwurms
  15 deep trolls
  2 arcanists
  A death drake (shapeshifter) (Zig:13)
  An orb spider (shapeshifter) (Depths:2)
  A shining eye (shapeshifter) (Depths:3)
  8 phantasmal warriors
  2 spriggan simulacra
  4 orb spiders
  5 steelbarb worms
  An obsidian statue (Depths:3)
  6 ironbound convokers
  7 harpies
  A human zombie (Vaults:3)
  A shadow dragon zombie (Vaults:3)
  15 ugly things
  8 deep elf zephyrmancers
  An orc sorcerer (Orc:2)
  10 wolf spiders
  A wolf spider (shapeshifter) (Depths:2)
  8 deep elf pyromancers
  5 necromancers
  4 will-o-the-wisps
  3 elephants
  4 cyclopes
  4 manticores
  7 meliai
  A human skeleton (Vaults:3)
  2 merfolk sirens (Shoals:4)
  2 rust devils
  A stone giant skeleton (Tomb:3)
  3 moths of wrath
  8 vault sentinels
  2 eyes of devastation
  An alligator snapping turtle zombie (Crypt:3)
  3 kobold blastminers
  3 titan simulacra
  3 black mambas
  6 molten gargoyles (Geh:7)
  2 apocalypse crabs (Abyss:2)
  A water nymph (Shoals:3)
  75 smoke demons
  3 gargoyles
  An eye of devastation (shapeshifter) (Vaults:4)
  6 cane toads
  5 torpor snails
  A dire elephant skeleton (Crypt:2)
  8 efreet (Pan)
  48 large abominations
  3 rime drakes
  A spectral swamp worm (Tar:7)
  A kobold demonologist (D:10)
  34 orange demons
  A rime drake (shapeshifter) (D:15)
  3 komodo dragons
  22 hellions
  2 unseen horrors (D:10)
  2 anaconda simulacra
  An ancient zyme (Abyss:3)
  A catoblepas skeleton (Crypt:3)
  6 ice devils (Pan)
  9 tormentors
  6 guardian mummies
  4 red devils
  A spectral harpy (Tar:4)
  A tengu conjurer (D:13)
  A polar bear (Lair:5)
  5 starcursed masses
  An iron giant simulacrum (Coc:2)
  11 hellwings
  3 wind drakes
  9 merfolk
  4 trolls
  A hydra skeleton (Tomb:2)
  A harpy skeleton (Crypt:1)
  10 tarantellas
  8 blink frogs
  An ettin zombie (Vaults:3)
  4 hornets (Zig:18)
  2 raiju
  A snapping turtle (shapeshifter) (Depths:3)
  2 glass eyes
  2 snapping turtles
  15 jumping spiders
  43 slime creatures
  An air elemental (Depths:2)
  4 shadows
  10 culicivoras
  2 centaur simulacra (Coc:2)
  An ettin skeleton (Crypt:3)
  5 small abominations (Abyss:2)
  2 spriggans (Zig:18)
  11 water elementals
  12 wraiths
  3 dire elephant simulacra
  8 ushabtiu (Tomb:2)
  22 yaks
  2 naga simulacra
  A fire bat (Abyss:1)
  A black mamba skeleton (Crypt:3)
  4 fire elementals (Depths:3)
  2 wyverns
  A steam dragon (D:10)
  44 ynoxinuls
  6 golden eyes
  3 basilisks
  2 vampire mosquitoes (D:12)
  58 chaos spawn (Pan)
  29 redbacks
  29 neqoxecs
  4 harpy simulacra
  4 water moccasins
  A hydra simulacrum (Coc:7)
  7 orc warriors
  6 laughing skulls
  An ettin simulacrum (Coc:2)
  A fire dragon simulacrum (Coc:2)
  2 ogres (Orc:1)
  A centaur (D:9)
  4 wolves (Lair:3)
  2 boggarts
  4 weeping skulls
  2 kobold brigands (D:11)
  A brain worm (Abyss:2)
  2 bullfrogs (Lair:1)
  2 necrophages
  2 earth elementals
  A two-headed ogre simulacrum (D:11)
  A wyvern skeleton (Crypt:1)
  A yak skeleton (Crypt:1)
  A howler monkey (D:12)
  5 orc priests
  A black bear skeleton (Crypt:2)
  2 hell rats (Depths:3)
  2 iguanas (Lair:5)
  7 orc wizards
  A troll simulacrum (D:11)
  A deep dwarf zombie (Crypt:1)
  16 mummies
  A white imp (Abyss:2)
  An ufetubus (Abyss:2)
  A ribbon worm (D:9)
  13 orcs
  An endoplasm (Lair:4)
  A goblin skeleton (Crypt:3)
  A kobold (D:11)
  6 aspiring fleshes
  6 creeping infernos
  16 fire vortices
  2 starspawn tentacles
  2 tentacles
2079 creatures vanquished.

Vanquished Creatures (others)
  Cerebov (Pan)
  2 pandemonium lords (Zig:25)
  A golden dragon (D:15)
  A hellephant (Zig:12)
  A Hell Sentinel (Dis:7)
  A titan (Pan)
  An ancient champion (Dis:2)
  8 eldritch tentacles
  An Executioner (Pan)
  A draconian knight (Zot:5)
  A nargun (Coc:7)
  A demonspawn warmonger (Pan)
  A draconian scorcher (Depths:4)
  An angel (Pan)
  5 demonspawn blood saints (Pan)
  2 shard shrike simulacra (Coc:7)
  A cacodemon (Pan)
  24 orc warlords
  2 demonspawn corrupters (Pan)
  A red draconian (Zot:5)
  4 lorocyprocas
  A wendigo (Coc:7)
  10 orc high priests
  2 blizzard demons (Pan)
  An ice dragon (D:15)
  90 orc knights
  2 caustic shrike simulacra
  A hell knight (Zig:22)
  A deep elf knight (Elf:3)
  2 soul eaters (Pan)
  2 sun demons (Pan)
  A skyshark (shapeshifter) (Zig:13)
  2 goliath frogs
  2 sixfirhies
  A fire crab (Zig:22)
  2 large abominations (Pan)
  A shadow demon (Pan)
  A spriggan simulacrum (Coc:7)
  3 deep elf zephyrmancers
  A draconian zombie (Zig:12)
  8 orc sorcerers
  A torpor snail (Zig:14)
  4 smoke demons (Pan)
  A hellion (Hell)
  An orange demon (Pan)
  An unseen horror (Abyss:3)
  2 cane toads (Zig:12)
  An iron giant simulacrum (Coc:3)
  A tormentor (Geh:6)
  77 orc warriors
  A hellwing (Pan)
  A death drake zombie (Zig:13)
  A tengu simulacrum (Zig:20)
  2 radroach zombies (Zig:13)
  An air elemental (Depths:3)
  8 ynoxinuls
  2 golden eyes
  2 neqoxecs (Pan)
  A harpy simulacrum (Coc:7)
  12 chaos spawn
  A swamp drake (Zig:18)
  3 apocalypse crab zombies (Zig:13)
  2 cyclops zombies (Zig:13)
  96 orc priests
  4 hell rats (Hell)
  68 orc wizards
  96 orcs
  27 ball lightnings
  6 creeping infernos
  28 fire vortices
  40 foxfires
  5 lurking horrors
  47 starspawn tentacles
  23 tentacles
761 creatures vanquished.

Grand Total: 12159 creatures vanquished

Notes
Turn   | Place    | Note
-------+----------+-------------------------------------------
     0 | D:1      | Prival the Hill Orc Monk began the quest for the Orb.
     0 | D:1      | Reached XP level 1. HP: 19/19 MP: 1/1
   171 | D:2      | Reached XP level 2. HP: 27/27 MP: 2/2
   238 | D:3      | Found a transporter.
   239 | D:3      | Noticed a small abomination
   256 | D:3      | Reached XP level 3. HP: 26/34 MP: 3/3
   345 | D:5      | Entered Level 5 of the Dungeon
   594 | D:3      | Found a basalt altar of Yredelemnul.
   655 | D:3      | Found a transporter.
   661 | D:3      | Reached skill level 5 in Axes
   667 | D:3      | Found a one-way gate to the infinite horrors of the Abyss.
   667 | D:3      | Noticed flammie80's ghost (weakling FoMo)
  1256 | D:4      | Found a shimmering altar of Xom.
  1473 | D:4      | Reached XP level 4. HP: 40/41 MP: 4/4
  1856 | D:4      | Reached skill level 5 in Fighting
  1958 | D:5      | Found a burning altar of Makhleb.
  1959 | D:5      | Noticed Eustachio
  1967 | D:5      | Killed Eustachio
  1968 | D:5      | Reached XP level 5. HP: 50/50 MP: 5/5
  2038 | D:5      | Reached XP level 6. HP: 47/57 MP: 6/6
  2532 | D:5      | Found a runed translucent door.
  2533 | D:5      | Noticed Crazy Yiuf
  2539 | D:5      | Killed Crazy Yiuf
  2682 | D:6      | Found a staircase to the Ecumenical Temple.
  2696 | D:6      | Noticed a steam dragon
  2703 | D:6      | Killed a steam dragon
  2704 | D:6      | Reached XP level 7. HP: 24/66 MP: 7/7
  3207 | D:6      | Found a glowing drain.
  3221 | Sewer    | Entered a sewer
  3547 | Sewer    | Reached XP level 8. HP: 71/75 MP: 8/8
  4407 | D:7      | Reached skill level 10 in Axes
  4511 | D:8      | Became a worshipper of Beogh the Brigand
  4511 | D:8      | Reached * piety under Beogh
  4511 | D:8      | Reached ** piety under Beogh
  4515 | D:8      | Identified the +4 hand axe "Utaimmeo" {heavy, Str+4}
  5305 | D:2      | Identified the +0 chain mail "Tegyl" {+Blink rN+ Dex+5}
  5439 | D:2      | Found a glowing golden altar of the Shining One.
  5820 | D:7      | Noticed Maurice
  5835 | D:7      | Killed Maurice
  5836 | D:7      | Reached skill level 10 in Fighting
  5836 | D:7      | Reached XP level 9. HP: 86/86 MP: 9/9
  6061 | D:7      | Noticed a cyclops
  6100 | D:7      | Killed a cyclops
  6217 | D:8      | Reached XP level 10. HP: 88/97 MP: 10/10
  6256 | D:8      | Noticed a two-headed ogre
  6256 | D:8      | Noticed a tengu warrior
  6298 | D:7      | Killed a tengu warrior
  6319 | D:8      | Killed a two-headed ogre
  6319 | D:8      | Reached *** piety under Beogh
  6362 | D:8      | Noticed a cyclops
  6484 | D:8      | Killed a cyclops
  6657 | D:7      | Noticed a manticore
  6664 | D:7      | Killed a manticore
  6696 | D:7      | Noticed a gargoyle
  6699 | D:7      | Noticed an unseen horror
  6702 | D:7      | Noticed a manticore
  6703 | D:7      | Reached skill level 15 in Axes
  6784 | D:7      | Killed a gargoyle
  6785 | D:7      | Reached XP level 11. HP: 97/110 MP: 11/11
  6820 | D:7      | Killed a manticore
  6915 | D:7      | Noticed Pikel
  6920 | D:7      | Killed Pikel
  6999 | D:7      | Noticed Maggie
  7009 | D:7      | Killed Maggie
  7117 | D:7      | Found Okhaan's Assorted Antiques.
  7282 | D:7      | Reached skill level 15 in Fighting
  8068 | D:9      | Found a staircase to the Orcish Mines.
  8077 | D:9      | Found a bloodstained altar of Trog.
  8199 | D:9      | Found a staircase to the Lair.
  8292 | D:9      | Noticed a two-headed ogre
  8298 | D:9      | Killed a two-headed ogre
  8298 | D:9      | Reached **** piety under Beogh
  8486 | D:9      | Found a snail-covered altar of Cheibriados.
  8576 | D:9      | Noticed a two-headed ogre
  8585 | D:9      | Killed a two-headed ogre
  8740 | D:9      | Found a sacrificial altar of Ru.
  8740 | D:9      | Noticed a cyclops
  8741 | D:9      | Found a shadowy altar of Dithmenos.
  8741 | D:9      | Found an opulent altar of Gozag.
  8746 | D:9      | Killed a cyclops
  8747 | D:9      | Reached XP level 12. HP: 117/122 MP: 12/12
  9207 | Lair:1   | Entered Level 1 of the Lair of Beasts
  9392 | Lair:1   | Found a hazy altar of Hepliaklqana.
  9409 | Lair:1   | Found a gate leading to a gauntlet.
  9435 | Lair:1   | Gained Learuk as an ally
  9519 | Gauntlet | Entered a Gauntlet
  9519 | Gauntlet | Found a transporter.
  9519 | Gauntlet | Found a transporter.
  9525 | Gauntlet | Found a transporter.
  9536 | Gauntlet | Found a runed translucent door.
  9539 | Gauntlet | Found a transporter.
  9555 | Gauntlet | Found a transporter.
  9555 | Gauntlet | Found a transporter.
  9555 | Gauntlet | Found a transporter.
  9557 | Gauntlet | Found a transporter.
  9557 | Gauntlet | Found a transporter.
  9562 | Gauntlet | Noticed a great orb of eyes
  9567 | Gauntlet | Noticed a blizzard demon
  9570 | Gauntlet | Found a transporter.
  9586 | Gauntlet | Found a transporter.
  9595 | Gauntlet | Noticed a death yak
  9595 | Gauntlet | Noticed a death yak
  9596 | Gauntlet | Found a transporter.
  9596 | Gauntlet | Noticed a death yak
  9613 | Gauntlet | Found a transporter.
  9650 | Gauntlet | Found a transporter.
 10131 | Gauntlet | Killed a blizzard demon
 10133 | Gauntlet | Identified the +1 hat "Xaocwod" {Str+2 Int+3}
 10197 | Gauntlet | Noticed a minotaur
 10211 | Gauntlet | Killed a minotaur
 11407 | Lair:2   | Noticed Amaemon
 11535 | Lair:2   | Killed Amaemon
 11615 | Lair:2   | Noticed an eight-headed hydra
 11631 | Lair:1   | Killed a 12-headed hydra
 11829 | Lair:2   | Found a hole to the Spider Nest.
 11925 | Lair:2   | Reached XP level 13. HP: 106/134 MP: 13/13
 11926 | Lair:2   | Gained Arbeogh as an ally
 12057 | Lair:2   | Found a staircase to the Shoals.
 12600 | Lair:2   | Reached skill level 1 in Armour
 13072 | Lair:3   | Reached ***** piety under Beogh
 13782 | Lair:4   | Reached skill level 5 in Armour
 13828 | Lair:4   | Found a viscous altar of Jiyva.
 13830 | Lair:4   | Found a staircase to the Slime Pits.
 14688 | Lair:5   | Entered Level 5 of the Lair of Beasts
 15553 | Lair:5   | Reached XP level 14. HP: 147/147 MP: 14/14
 16394 | Lair:5   | Identified the +8 chain mail "Hobeap" {rC+ SInv}
 16991 | D:10     | Entered Level 10 of the Dungeon
 17188 | D:10     | Found a stormy altar of Qazlal.
 17291 | D:10     | Reached skill level 1 in Invocations
 17292 | D:10     | Reached skill level 1 in Shields
 17295 | D:10     | Reached ****** piety under Beogh
 17998 | D:11     | Gained mutation: You have hidden genetic defects. [a
                  | neqoxec]
 18011 | D:11     | Found Wuonk's Magic Scroll Shop.
 18101 | D:11     | Found a frozen archway.
 18127 | IceCv    | Entered an ice cave
 18226 | IceCv    | Gained Boghold as an ally
 18228 | IceCv    | Your ally Boghold died
 18234 | IceCv    | Gained Margrim as an ally
 18257 | IceCv    | Gained Bogdar as an ally
 18322 | IceCv    | Reached skill level 5 in Invocations
 18324 | IceCv    | Gained mutation: Potions are less effective at restoring
                  | your health. [hidden defects]
 18764 | IceCv    | Reached skill level 5 in Shields
 18921 | IceCv    | Identified the +1 plate armour of the Sea {Str+4}
 18929 | IceCv    | Identified the +6 flail of Timoxon {flame, Will- rCorr
                  | Dex+3}
 19648 | D:12     | Identified the +8 spear of Okawaru's Grace {antimagic, rC+}
 19732 | D:12     | Gained mutation: You are frail. (-10% HP) [hidden defects]
 19732 | D:12     | Lost mutation: You have hidden genetic defects. [hidden
                  | defects expressed]
 20023 | D:12     | Found a portal to a secret trove of treasure.
 20462 | D:12     | Reached XP level 15. HP: 128/142 MP: 20/20
 21597 | D:13     | Found a gate to the Vaults.
 23961 | D:15     | Entered Level 15 of the Dungeon
 24610 | D:15     | Noticed Josephine
 24623 | D:15     | Killed Josephine
 25172 | D:15     | Noticed Agnes
 25181 | D:15     | Killed Agnes
 25556 | D:15     | Reached skill level 10 in Invocations
 25801 | D:15     | Found a staircase to the Depths.
 26423 | Shoals:1 | Entered Level 1 of the Shoals
 27427 | Shoals:1 | Gained Wargrak as an ally
 27767 | Shoals:1 | Noticed a kraken
 27775 | Shoals:1 | Killed a kraken
 27776 | Shoals:1 | Noticed a kraken
 27784 | Shoals:1 | Your ally Wargrak died
 27786 | Shoals:1 | Killed a kraken
 27787 | Shoals:1 | Reached XP level 16. HP: 74/152 MP: 24/24
 28314 | Shoals:2 | Noticed Donald
 28332 | Shoals:1 | Killed Donald
 28848 | Shoals:2 | Noticed Ilsuiw
 30948 | Shoals:1 | Killed Ilsuiw
 31359 | Shoals:2 | Reached XP level 17. HP: 160/160 MP: 24/26
 31360 | Shoals:2 | Reached skill level 10 in Armour
 31360 | Shoals:2 | Reached XP level 18. HP: 168/168 MP: 24/27
 31361 | Shoals:2 | Reached XP level 19. HP: 175/175 MP: 24/29
 31362 | Shoals:2 | Reached skill level 5 in Evocations
 31362 | Shoals:2 | Reached XP level 20. HP: 183/183 MP: 24/30
 32957 | Shoals:3 | Gained Grimold as an ally
 32976 | Shoals:2 | Your ally Grimold died
 33044 | Shoals:3 | Noticed Nikola
 33706 | Shoals:2 | Killed Nikola
 35437 | Shoals:4 | Entered Level 4 of the Shoals
 36011 | Shoals:4 | Found a glowing golden altar of the Shining One.
 36893 | Shoals:3 | Reached skill level 15 in Invocations
 37552 | Shoals:4 | Identified the +2 leather armour of Verera Jedunn {rPois
                  | rC+ Dex-5 Slay+3}
 37746 | Shoals:4 | Gained Harm as an ally
 37990 | Shoals:4 | Found a white marble altar of Elyvilon.
 38477 | Shoals:4 | Found the amulet of the Four Winds {rN+ Will+++ Clar}
 38487 | Shoals:4 | Got a barnacled rune of Zot
 38780 | Shoals:4 | Found a glowing silver altar of Zin.
 38802 | Shoals:4 | Gained Syrus as an ally
 39679 | Spider:1 | Entered Level 1 of the Spider Nest
 40284 | Spider:1 | Identified the +4 chain mail "Kyhuxt" {rC++}
 40784 | Orc:1    | Entered Level 1 of the Orcish Mines
 41603 | Spider:1 | Gained Bogwik as an ally
 41604 | Spider:1 | Your ally Bogwik died
 41961 | Spider:1 | Gained Warbeogh as an ally
 43155 | Spider:2 | Reached XP level 21. HP: 170/193 MP: 33/33
 43634 | Spider:1 | Gained Beowulf as an ally
 45542 | Spider:3 | Identified the +9 flail "Igukh" {speed, rPois Will+ Dex-4}
 45552 | Spider:3 | Noticed Asterion
 45559 | Spider:3 | Killed Asterion
 46657 | Spider:4 | Entered Level 4 of the Spider Nest
 50449 | Spider:4 | Got a gossamer rune of Zot
 51002 | Vaults:1 | Entered Level 1 of the Vaults
 51558 | Vaults:1 | Gained Arbeogh as an ally
 51998 | Vaults:1 | Reached skill level 10 in Shields
 52137 | Vaults:1 | Reached skill level 15 in Armour
 54263 | Orc:1    | Found a roughly hewn altar of Beogh.
 54361 | Orc:2    | Entered Level 2 of the Orcish Mines
 54369 | Orc:2    | Gained Bolgrim as an ally
 54471 | Orc:2    | Found a dark tunnel.
 54564 | Volcano  | Entered a volcano
 54723 | Volcano  | Found a radiant altar of Vehumet.
 55472 | Orc:2    | Found a staircase to the Elven Halls.
 55609 | Orc:2    | Found a roughly hewn altar of Beogh.
 56201 | Orc:2    | Found a roughly hewn altar of Beogh.
 56203 | Orc:2    | Found Temobb's Magic Scroll Emporium.
 56408 | Orc:2    | Found a roughly hewn altar of Beogh.
 56409 | Orc:2    | Gained Morbeogh as an ally
 56418 | Orc:2    | Found Qaasocaw's Weapon Emporium.
 56540 | Orc:2    | Noticed Saint Roka
 56544 | Orc:2    | Found a roughly hewn altar of Beogh.
 56544 | Orc:2    | Found Zerucw's Antique Weapon Emporium.
 56548 | Orc:2    | Gained Ortolf as an ally
 56556 | Orc:2    | Killed Saint Roka
 56557 | Orc:2    | Found Fyan's Antique Armour Shoppe.
 56883 | Orc:1    | Noticed Fannar
 56908 | Orc:2    | Killed Fannar
 56937 | Orc:1    | Found Pimn's General Store.
 57299 | Elf:1    | Entered Level 1 of the Elven Halls
 57413 | Orc:2    | Reached XP level 22. HP: 205/205 MP: 35/35
 58404 | Elf:1    | Found Geclihoc's Book Shoppe.
 58406 | Elf:1    | Found Vathi's Antique Armour Emporium.
 58927 | Elf:1    | You are sucked into a shaft and drop 1 floor!
 59361 | Elf:2    | Noticed Louise
 59366 | Elf:2    | Killed Louise
 59374 | Elf:2    | Noticed Norris
 59392 | Elf:2    | Killed Norris
 59848 | Elf:2    | Found a runed translucent gate.
 59848 | Elf:2    | Found a runed translucent gate.
 59848 | Elf:2    | Found a runed translucent gate.
 61012 | Elf:2    | Gained Warbeogh as an ally
 61309 | Elf:2    | Noticed Roxanne
 61505 | Elf:2    | Killed Roxanne
 62344 | Elf:3    | Entered Level 3 of the Elven Halls
 62599 | Elf:3    | Identified the +8 scimitar "Vequr" {pain, rN+ Str+3}
 63365 | Elf:3    | Gained Thorok as an ally
 63656 | Elf:3    | Paralysed by an air elemental for 1 turns
 63664 | Elf:3    | Paralysed by an air elemental for 1 turns
 63667 | Elf:3    | Paralysed by an air elemental for 1 turns
 63669 | Elf:3    | Paralysed by an air elemental for 1 turns
 63940 | Elf:3    | Found Puregh's Assorted Antiques.
 65363 | Elf:3    | Gained Orkrul as an ally
 65527 | Elf:3    | Identified the +9 great sword "Lueth" {pain, *Rage rPois
                  | rC++ Stlth+}
 65837 | Elf:3    | Your ally Warbeogh died
 65876 | Elf:3    | Identified the +1 great sword of Discord {freeze, Int+2}
 65876 | Elf:3    | Identified the ring "Riph" {rPois Str+3 Int+3 Dex-3}
 66459 | Elf:3    | Identified the staff "Atriczeygh" {rPois rN++ Will- Str+2
                  | Alchemy}
 66487 | Elf:3    | Identified the ring of Hepliaklqana's Favour {EV+5 Int+3}
 66677 | Elf:3    | Identified the ring "Jink" {Ice ^Drain rN+++ rCorr Int-4}
 67384 | Elf:3    | Identified the +5 ring mail of Mumblety Peg {rPois rN+}
 68641 | Elf:3    | Identified the +2 dagger "Taefuigo" {freeze, ^Drain +Blink
                  | rElec rF++}
 68651 | Elf:3    | Identified the staff "Jaoceopt" {Int+6 Tloc Earth}
 68703 | Elf:3    | Identified the +0 ring mail "Livveapa" {rF+ rC++ Str-3
                  | Int+2}
 69594 | Orc:2    | Bought a scroll of identify for 34 gold pieces
 69641 | Orc:2    | Bought a runed helmet for 225 gold pieces
 70811 | Vaults:2 | Gained Gorm as an ally
 70819 | Vaults:2 | Reached XP level 23. HP: 186/214 MP: 35/37
 71142 | Vaults:2 | Found Vuvet's Antique Armour Shop.
 71834 | Vaults:2 | Found Lotono's Weapon Emporium.
 72030 | Vaults:2 | Found Deomif's Antique Armour Boutique.
 72052 | Vaults:2 | Found Urudor's Magic Scroll Shop.
 72060 | Vaults:2 | Bought a scroll of identify for 34 gold pieces
 72060 | Vaults:2 | Bought a scroll of acquirement for 884 gold pieces
 72061 | Vaults:2 | Acquired 1256 gold pieces
 72071 | Vaults:2 | Acquired 942 gold pieces
 72073 | Vaults:2 | Acquired 1190 gold pieces
 72075 | Vaults:2 | Acquired the ring of Zirufry {rElec Int+6}
 73419 | Vaults:3 | Found a staircase to the Crypt.
 73474 | Vaults:3 | Gained Zorug as an ally
 74101 | Vaults:3 | Reached skill level 27 in Fighting
 74563 | Vaults:3 | You are sucked into a shaft and drop 1 floor!
 74760 | Vaults:4 | Gained Spirok as an ally
 75750 | Vaults:3 | Gained Wulfoc as an ally
 76342 | Vaults:4 | Your ally Zorug died
 76345 | Vaults:4 | Gained Bladwarg as an ally
 76957 | Vaults:4 | Identified the amulet of Liberty {RegenMP rC++}
 77043 | Vaults:4 | Identified the +7 whip of Lotriar {spect, rN+}
 77290 | Vaults:4 | Identified the orb of the Pink Corner {*channel, rPois rN+}
 77290 | Vaults:4 | Noticed Frederick
 77307 | Vaults:4 | Your ally Bladwarg died
 77314 | Vaults:4 | Killed Frederick
 78429 | Vaults:5 | Entered Level 5 of the Vaults
 78545 | Vaults:4 | Gained Wargrak as an ally
 78967 | Depths:1 | Entered Level 1 of the Depths
 79375 | Depths:1 | Noticed a golden dragon
 79456 | D:15     | Killed a golden dragon
 80251 | Depths:1 | Reached skill level 15 in Shields
 80309 | Depths:1 | Found a one-way gateway to a ziggurat.
 80350 | Depths:1 | Found a gateway to Hell.
 80535 | Depths:1 | Reached XP level 24. HP: 224/224 MP: 38/38
 80992 | Depths:2 | Noticed a juggernaut
 81011 | Depths:1 | Killed a juggernaut
 82319 | Depths:2 | Found an opulent altar of Gozag.
 83520 | Depths:2 | Found a corrupted altar of Lugonu.
 83790 | Depths:2 | Found a one-way gate leading to the halls of Pandemonium.
 84180 | Depths:2 | Identified the ring "Oczauroo" {Will++ Int-2 Slay+6 SInv}
 84950 | Depths:3 | Paralysed by an air elemental for 1 turns
 84954 | Depths:3 | Paralysed by an air elemental for 1 turns
 84961 | Depths:3 | Paralysed by an air elemental for 1 turns
 85799 | Depths:3 | Got the Reference Book on Fascination and Despicable Spells
 86329 | Depths:3 | Paralysed by an air elemental for 1 turns
 86558 | Depths:3 | Found the +2 cloak of the Thief {*Fog Slay-2 SInv Stlth+}
 87264 | Depths:3 | Identified the ring of the Invisible Hand {*Slow rPois rC+
                  | rN+++ Str-4}
 87913 | Depths:3 | Gained mutation: You are resistant to electric shocks.
                  | (rElec) [a shining eye]
 87935 | Depths:3 | Paralysed by an air elemental for 1 turns
 88211 | Depths:3 | Identified the staff of Ypsijifue {rPois rF+ Str+3 Alchemy}
 88375 | Depths:3 | Paralysed by an air elemental for 1 turns
 88377 | Depths:3 | Paralysed by an air elemental for 1 turns
 88947 | Depths:4 | Entered Level 4 of the Depths
 91641 | Depths:4 | Reached XP level 25. HP: 195/231 MP: 38/38
 91674 | Depths:4 | Gained Bogmar as an ally
 92006 | Depths:4 | Found a gate to the Realm of Zot.
 92092 | Depths:4 | Lost mutation: Potions are less effective at restoring your
                  | health. [potion of mutation]
 92092 | Depths:4 | Lost mutation: You are frail. (-10% HP) [potion of
                  | mutation]
 92092 | Depths:4 | Lost mutation: You are resistant to electric shocks.
                  | (rElec) [potion of mutation]
 92092 | Depths:4 | Gained mutation: Your movements are slightly less
                  | encumbered by armour. (ER -2) [potion of mutation]
 92092 | Depths:4 | Gained mutation: Your system is resistant to poisons.
                  | (rPois) [potion of mutation]
 92092 | Depths:4 | Gained mutation: You are frail. (-10% HP) [potion of
                  | mutation]
 92469 | Slime:1  | Entered Level 1 of the Pits of Slime
 92718 | Lair:4   | Paralysed by a formless jellyfish for 1 turns
 93410 | Slime:1  | Gained Marbaugh as an ally
 95163 | Slime:2  | Found a viscous altar of Jiyva.
 95672 | Slime:3  | Gained Herok as an ally
 96578 | Slime:3  | Gained Dorog as an ally
 98096 | Slime:4  | Found a viscous altar of Jiyva.
 98483 | Slime:5  | Entered Level 5 of the Pits of Slime
 99201 | Slime:5  | Gained mutation: You are very frail. (-20% HP) [a shining
                  | eye]
 99202 | Slime:5  | Gained mutation: You are clumsy. (Dex -2) [a shining eye]
 99784 | Slime:5  | Noticed the Royal Jelly
 99865 | Slime:5  | Gained mutation: You expend magic power (3 MP) to
                  | strengthen your wands. [a shining eye]
100309 | Slime:5  | Found a viscous altar of Jiyva.
100514 | Slime:5  | Killed the Royal Jelly
100535 | Slime:5  | Your ally Bogdar died
100539 | Slime:5  | Your ally Herok died
100557 | Slime:5  | Your ally Gorm died
100559 | Slime:5  | Your ally Dorog died
100562 | Slime:5  | Your ally Marbaugh died
100575 | Slime:5  | Your ally Wargrak died
101046 | Slime:5  | Got a slimy rune of Zot
101075 | Slime:5  | Identified the +5 battleaxe "Olaff" {venom, Str+5 Dex-4
                  | Stlth+}
101089 | Slime:5  | Identified the +0 leather armour "Mitop" {Str+4}
101094 | Slime:5  | Identified the +0 ring mail "Memesa Wuguc" {rElec rPois
                  | Str+4 Int-5}
101102 | Slime:5  | Identified the +9 battleaxe of Popular Demand {drain,
                  | rElec}
102231 | Vaults:4 | Gained Jorge as an ally
105612 | D:11     | Bought a scroll of enchant armour for 135 gold pieces
105612 | D:11     | Bought a scroll of enchant armour for 135 gold pieces
105692 | D:7      | Bought a scroll of enchant armour for 217 gold pieces
105692 | D:7      | Bought a potion of heal wounds for 145 gold pieces
105753 | Orc:2    | Bought a scroll of enchant armour for 127 gold pieces
105995 | Elf:3    | Bought a scroll of enchant armour for 232 gold pieces
108284 | Vaults:5 | Identified the +2 ring mail of Fortitude {*Slow Fly rElec
                  | Int+3}
108706 | Vaults:5 | Identified the +10 sling "Sarcophage" {elec, rF+ Stlth+}
108859 | Vaults:5 | Gained Bogbrand as an ally
109861 | Vaults:5 | Identified the +8 glaive of Dios {freeze, rPois rCorr}
109861 | Vaults:5 | Identified the ring "Okytor" {Str-3 Dex+4 SInv}
110133 | Vaults:5 | Identified the +1 scale mail of the Tentacled God {rElec
                  | Will- SInv Stlth+}
110395 | Vaults:5 | Identified the -1 pair of gloves of the Tarantula {rPois}
110644 | Vaults:5 | Got a silver rune of Zot
110683 | Vaults:5 | Identified the +5 ring mail of Pueppawk {Str+3}
110713 | Vaults:5 | Reached XP level 26. HP: 182/194 MP: 39/39
110759 | Vaults:5 | Identified the +1 scale mail "Kaarchergh" {+Blink}
111029 | Vaults:5 | Identified the +2 cloak "Vanunaub" {^Drain rElec rC+}
111454 | D:12     | You paid a toll of 16 scrolls of teleportation to enter a
                  | treasure trove
111455 | Trove    | Entered a treasure trove
111469 | Trove    | Got Sif Muna's Quarto of the Familiar Icicle
111513 | Trove    | Got Ontibup's Cyclopedia of the Limned Excursion
111519 | Trove    | Got Oraibb's Exposition on the Charged Curse
111768 | Zot:1    | Entered Level 1 of the Realm of Zot
112200 | Depths:4 | Gained Rocco as an ally
112817 | Zot:1    | Noticed a Killer Klown
112917 | Zot:1    | Killed a Killer Klown
114633 | Zot:1    | Your ally Rocco died
116580 | Zot:2    | Noticed a dread lich
116595 | Zot:1    | Killed a dread lich
119928 | Zot:1    | Gained Norbak as an ally
120681 | Zot:2    | Got the Vellum of Sandy Esoterica
122529 | Zot:3    | Identified the +1 dagger "Orb Guardian's Foe" {freeze,
                  | Will+ rCorr}
122943 | Zot:3    | Your ally Norbak died
124825 | Zot:3    | Reached skill level 27 in Invocations
126267 | Zot:4    | Reached XP level 27. HP: 194/203 MP: 40/40
127485 | Zot:5    | Entered Level 5 of the Realm of Zot
127604 | Zot:5    | Noticed an orb of fire
127607 | Zot:5    | Your ally Bogbrand died
128150 | Zot:4    | Gained mutation: You are extremely frail. (-30% HP) [an orb
                  | of fire]
128151 | Zot:4    | Gained mutation: You have sharp toenails. [an orb of fire]
128156 | Zot:4    | Gained mutation: You occasionally lose the ability to read
                  | scrolls when taking damage. [an orb of fire]
128165 | Zot:4    | Killed an orb of fire
128267 | Zot:3    | Lost mutation: You expend magic power (3 MP) to strengthen
                  | your wands. [potion of mutation]
128267 | Zot:3    | Lost mutation: Your movements are slightly less encumbered
                  | by armour. (ER -2) [potion of mutation]
128267 | Zot:3    | Lost mutation: You have sharp toenails. [potion of
                  | mutation]
128413 | Depths:3 | Lost mutation: You are clumsy. (Dex -2) [potion of
                  | mutation]
128413 | Depths:3 | Lost mutation: Your system is resistant to poisons. (rPois)
                  | [potion of mutation]
128413 | Depths:3 | Gained mutation: You are weak. (Str -2) [potion of
                  | mutation]
128413 | Depths:3 | Gained mutation: Your system is resistant to poisons.
                  | (rPois) [potion of mutation]
128414 | Depths:3 | Lost mutation: You occasionally lose the ability to read
                  | scrolls when taking damage. [potion of mutation]
128414 | Depths:3 | Lost mutation: You are extremely frail. (-30% HP) [potion
                  | of mutation]
128414 | Depths:3 | Gained mutation: You occasionally lose the ability to read
                  | scrolls when taking damage. [potion of mutation]
128414 | Depths:3 | Lost mutation: You are very frail. (-20% HP) [potion of
                  | mutation]
128414 | Depths:3 | Gained mutation: You have a pair of small horns on your
                  | head. [potion of mutation]
130604 | Zot:5    | Noticed an orb of fire
130605 | Zot:5    | Noticed an ancient lich
130607 | Zot:5    | Your ally Margrim died
130628 | Zot:5    | Gained mutation: You sometimes lose your temper in combat.
                  | [an orb of fire]
130633 | Zot:5    | Gained mutation: Your health recovers twice as slowly from
                  | being drained. [an orb of fire]
130636 | Zot:5    | Gained mutation: You are clumsy. (Dex -2) [an orb of fire]
130637 | Zot:5    | Killed an orb of fire
130638 | Zot:5    | Killed an ancient lich
130855 | Zot:5    | Noticed an orb of fire
130869 | Zot:5    | Noticed an orb of fire
130874 | Zot:5    | Gained mutation: You do not regenerate when monsters are
                  | visible. [an orb of fire]
130879 | Zot:5    | Gained mutation: You have an uncontrollable temper. [an orb
                  | of fire]
130880 | Zot:5    | Killed an orb of fire
130885 | Zot:5    | Noticed an orb of fire
130891 | Zot:5    | Gained mutation: You occasionally shout uncontrollably at
                  | your foes. [an orb of fire]
130897 | Zot:5    | Killed an orb of fire
130906 | Zot:5    | Killed an orb of fire
131207 | Zot:5    | Noticed an orb of fire
131225 | Zot:5    | Killed an orb of fire
131230 | Zot:5    | Gained Koronagh as an ally
131574 | Zot:5    | Noticed an orb of fire
131586 | Zot:5    | Your ally Koronagh died
131587 | Zot:5    | Killed an orb of fire
132034 | Zot:5    | Noticed an orb of fire
132037 | Zot:5    | Gained mutation: You sometimes lose the ability to read
                  | scrolls when taking damage. [an orb of fire]
132040 | Zot:5    | Your ally Learuk died
132042 | Zot:5    | Noticed an orb of fire
132043 | Zot:5    | Gained mutation: You are dopey. (Int -2) [an orb of fire]
132045 | Zot:5    | Gained mutation: You are very dopey. (Int -4) [an orb of
                  | fire]
132046 | Zot:5    | Gained mutation: Your spells are a little easier to cast,
                  | but a little less powerful. [an orb of fire]
132049 | Zot:5    | Killed an orb of fire
132058 | Zot:5    | Lost mutation: You occasionally shout uncontrollably at
                  | your foes. [an orb of fire]
132058 | Zot:5    | Killed an orb of fire
132329 | Zot:5    | Noticed an ancient lich
132351 | Zot:5    | Killed an ancient lich
133317 | Depths:3 | Lost mutation: You are weak. (Str -2) [potion of mutation]
133317 | Depths:3 | Lost mutation: You have a pair of small horns on your head.
                  | [potion of mutation]
133317 | Depths:3 | Lost mutation: You sometimes lose the ability to read
                  | scrolls when taking damage. [potion of mutation]
133317 | Depths:3 | Gained mutation: You have large cloven feet. [potion of
                  | mutation]
133377 | Depths:3 | Lost mutation: You do not regenerate when monsters are
                  | visible. [potion of mutation]
133377 | Depths:3 | Lost mutation: Your spells are a little easier to cast, but
                  | a little less powerful. [potion of mutation]
133377 | Depths:3 | Lost mutation: Your health recovers twice as slowly from
                  | being drained. [potion of mutation]
133377 | Depths:3 | Gained mutation: Your magical capacity is low. (-10% MP)
                  | [potion of mutation]
133432 | Depths:3 | Lost mutation: Your magical capacity is low. (-10% MP)
                  | [potion of mutation]
133432 | Depths:3 | Lost mutation: Your system is resistant to poisons. (rPois)
                  | [potion of mutation]
133432 | Depths:3 | Gained mutation: You are weak. (Str -2) [potion of
                  | mutation]
133432 | Depths:3 | Gained mutation: You are strong-willed. (Will+) [potion of
                  | mutation]
133560 | Depths:3 | Lost mutation: You are very dopey. (Int -4) [potion of
                  | mutation]
133560 | Depths:3 | Lost mutation: You have an uncontrollable temper. [potion
                  | of mutation]
133560 | Depths:3 | Lost mutation: You sometimes lose your temper in combat.
                  | [potion of mutation]
133560 | Depths:3 | Lost mutation: You are weak. (Str -2) [potion of mutation]
133560 | Depths:3 | Lost mutation: You are frail. (-10% HP) [potion of
                  | mutation]
133944 | Hell     | Entered the Vestibule of Hell
133944 | Hell     | Noticed Geryon
134723 | Depths:3 | Paralysed by a wendigo for 1 turns
134873 | Hell     | Killed Geryon
136606 | Hell     | Found a gateway to the decaying netherworld of Tartarus.
136703 | Hell     | Found a gateway to the freezing wastes of Cocytus.
136782 | Hell     | Found a gateway to the Iron City of Dis.
136844 | Hell     | Found a gateway to the ashen valley of Gehenna.
137323 | Crypt:1  | Entered Level 1 of the Crypt
137971 | Crypt:1  | Found a transporter.
137972 | Crypt:1  | Noticed a dread lich
137973 | Crypt:1  | Your ally Morbeogh died
137986 | Crypt:1  | Found a transporter.
138808 | Crypt:1  | Killed a dread lich
138816 | Crypt:1  | Gained Jorge as an ally
138823 | Crypt:1  | Reached skill level 10 in Evocations
139273 | Crypt:1  | Identified the +2 hat of the Tired Lies {rF- rC+++ Regen+
                  | Str-5}
139758 | Crypt:2  | Your ally Jorge died
141480 | Crypt:3  | Entered Level 3 of the Crypt
141837 | Crypt:3  | Noticed Bai Suzhen
141859 | Crypt:2  | Killed Bai Suzhen
141969 | Crypt:3  | Your ally Bolgrim died
142021 | Crypt:3  | Gained Wardok as an ally
142270 | Crypt:3  | Found an ancient bone altar of Kikubaaqudgha.
142519 | Crypt:3  | Found a staircase to the Tomb.
142558 | Crypt:3  | Identified the +0 robe of Failure {Harm MP+9}
143320 | Crypt:3  | Found a basalt altar of Yredelemnul.
143672 | Crypt:3  | Got the Parchment of Zombies
143748 | Crypt:3  | Reached skill level 1 in Shapeshifting
143754 | Crypt:3  | Gained Borgun as an ally
144606 | Crypt:3  | Identified the amulet "Rutiux" {Reflect *Slow rElec SH+5
                  | SInv}
144609 | Crypt:3  | Identified the +1 leather armour of Vufirute {Fly Int+2}
144617 | Crypt:3  | Identified the ring "Vafuq" {Fly rElec rF+ rC- rN+}
144617 | Crypt:3  | Identified the ring of Autumn {rF+ rN+}
144617 | Crypt:3  | Identified the ring of Vodka {rElec rN+ Str+4}
145593 | D:3      | Killed flammie80's ghost
145998 | Temple   | Entered the Ecumenical Temple
146077 | D:7      | Bought a runed glaive for 275 gold pieces
147929 | Orc:1    | Bought a throwing net for 54 gold pieces
147929 | Orc:1    | Bought 6 curare-tipped darts for 129 gold pieces
147929 | Orc:1    | Bought a scroll of fog for 72 gold pieces
147929 | Orc:1    | Bought a scroll of silence for 171 gold pieces
147929 | Orc:1    | Bought a scroll of fog for 72 gold pieces
147929 | Orc:1    | Bought a potion of heal wounds for 90 gold pieces
147929 | Orc:1    | Bought a scroll of blinking for 135 gold pieces
148103 | Orc:2    | Bought 4 curare-tipped darts for 57 gold pieces
148103 | Orc:2    | Bought a +2 halberd of venom for 201 gold pieces
148103 | Orc:2    | Bought the +2 trident of Xumn {antimagic, Int+4 Dex+3} for
                  | 506 gold pieces
148151 | Orc:2    | Bought an ancient glaive for 402 gold pieces
148151 | Orc:2    | Identified the +6 glaive "Imeng" {freeze, Will+} (You
                  | bought it in a shop on level 2 of the Orcish Mines)
148151 | Orc:2    | Bought a runed war axe for 227 gold pieces
148158 | Orc:2    | Bought a shiny helmet for 225 gold pieces
148198 | Orc:2    | Bought a scroll of amnesia for 68 gold pieces
148198 | Orc:2    | Bought a scroll of immolation for 68 gold pieces
148198 | Orc:2    | Bought a scroll of enchant weapon for 127 gold pieces
148198 | Orc:2    | Bought 2 scrolls of enchant weapon for 255 gold pieces
148198 | Orc:2    | Bought a scroll of teleportation for 51 gold pieces
148198 | Orc:2    | Bought a scroll of noise for 17 gold pieces
148198 | Orc:2    | Bought a scroll of fog for 68 gold pieces
148198 | Orc:2    | Bought a scroll of vulnerability for 68 gold pieces
148198 | Orc:2    | Bought a scroll of noise for 17 gold pieces
148402 | Elf:1    | Bought a pair of glowing boots for 180 gold pieces
148409 | Elf:1    | Bought a book of Touch for 286 gold pieces
148409 | Elf:1    | Bought a book of Battle for 338 gold pieces
148409 | Elf:1    | Bought a book of Beasts for 468 gold pieces
148409 | Elf:1    | Bought a book of Minor Magic for 208 gold pieces
149917 | Elf:3    | Bought a potion of lignification for 93 gold pieces
149917 | Elf:3    | Bought 3 scrolls of summoning for 883 gold pieces
149917 | Elf:3    | Bought a wand of polymorph (5) for 217 gold pieces
151021 | D:11     | Bought a scroll of blinking for 135 gold pieces
151021 | D:11     | Bought a scroll of teleportation for 54 gold pieces
151021 | D:11     | Bought a scroll of fear for 72 gold pieces
151021 | D:11     | Bought a scroll of blinking for 135 gold pieces
151021 | D:11     | Bought a scroll of teleportation for 54 gold pieces
151021 | D:11     | Bought a scroll of enchant weapon for 135 gold pieces
153093 | Depths:3 | Voluntarily entered the Abyss.
153150 | Abyss:1  | Found a corrupted altar of Lugonu.
153172 | Abyss:1  | Reached skill level 15 in Evocations
153240 | Abyss:1  | Found a corrupted altar of Lugonu.
153636 | Abyss:1  | Reached skill level 5 in Shapeshifting
153639 | Depths:3 | Escaped the Abyss
153642 | Depths:3 | Voluntarily entered the Abyss.
154655 | Abyss:2  | Found a corrupted altar of Lugonu.
154707 | Abyss:2  | Gained Nordag as an ally
154707 | Abyss:2  | Gained Okrist as an ally
154885 | Depths:3 | Escaped the Abyss
154888 | Depths:3 | Voluntarily entered the Abyss.
154891 | Abyss:2  | Found a corrupted altar of Lugonu.
155067 | Abyss:2  | Gained Judas as an ally
155143 | Abyss:2  | Gained Borgoth as an ally
155189 | Abyss:2  | Your ally Borgoth died
155214 | Depths:3 | Escaped the Abyss
155217 | Depths:3 | Voluntarily entered the Abyss.
155430 | Abyss:2  | Found a corrupted altar of Lugonu.
155463 | Abyss:2  | Identified the +0 robe of Vupparou {+Blink +Inv}
155484 | Abyss:2  | Gained Borgoth as an ally
155522 | Abyss:2  | Your ally Borgoth died
155524 | Abyss:2  | Reached skill level 10 in Shapeshifting
155607 | Depths:3 | Escaped the Abyss
155610 | Depths:3 | Voluntarily entered the Abyss.
156071 | Abyss:2  | Found a corrupted altar of Lugonu.
156114 | Depths:3 | Escaped the Abyss
156239 | Depths:3 | Voluntarily entered the Abyss.
156256 | Abyss:2  | Gained mutation: You are vulnerable to heat. (rF-) [a
                  | cacodemon]
156483 | Abyss:2  | Found a corrupted altar of Lugonu.
156575 | Abyss:2  | Found a runed translucent door.
156606 | Abyss:2  | Identified the amulet "Kusamoleetz" {Spirit Str+3}
156623 | Abyss:2  | Found a runed translucent door.
156786 | Abyss:2  | Found a runed translucent door.
156864 | Abyss:2  | Gained Alork as an ally
156903 | Depths:3 | Escaped the Abyss
156906 | Depths:3 | Voluntarily entered the Abyss.
157644 | Abyss:2  | Gained mutation: You occasionally lose the ability to drink
                  | potions when taking damage. [a neqoxec]
157652 | Abyss:2  | Gained Blodwig as an ally
157689 | Abyss:2  | Your ally Blodwig died
157714 | Abyss:2  | Gained Brunolf as an ally
157805 | Depths:3 | Escaped the Abyss
157997 | D:15     | Lost mutation: You occasionally lose the ability to read
                  | scrolls when taking damage. [potion of mutation]
157997 | D:15     | Lost mutation: You are clumsy. (Dex -2) [potion of
                  | mutation]
157997 | D:15     | Lost mutation: You have large cloven feet. [potion of
                  | mutation]
157997 | D:15     | Gained mutation: You have an uncontrollable temper. [potion
                  | of mutation]
157998 | D:15     | Lost mutation: You are dopey. (Int -2) [potion of mutation]
157998 | D:15     | Lost mutation: You are strong-willed. (Will+) [potion of
                  | mutation]
157998 | D:15     | Lost mutation: You have an uncontrollable temper. [potion
                  | of mutation]
157998 | D:15     | Gained mutation: You have supernaturally acute eyesight.
                  | (SInv) [potion of mutation]
157999 | D:15     | Lost mutation: You sometimes lose the ability to drink
                  | potions when taking damage. [potion of mutation]
157999 | D:15     | Lost mutation: You have supernaturally acute eyesight.
                  | (SInv) [potion of mutation]
157999 | D:15     | Lost mutation: You are vulnerable to heat. (rF-) [potion of
                  | mutation]
157999 | D:15     | Gained mutation: You are partially covered in iridescent
                  | scales. (AC +2) [potion of mutation]
158167 | Depths:3 | Voluntarily entered the Abyss.
158278 | Abyss:2  | Gained mutation: You are clumsy. (Dex -2) [a cacodemon]
158459 | Abyss:2  | Found a corrupted altar of Lugonu.
158698 | Abyss:2  | Found a corrupted altar of Lugonu.
158747 | Abyss:2  | Gained Bogrim as an ally
158771 | Depths:3 | Escaped the Abyss
158888 | Depths:3 | Voluntarily entered the Abyss.
159242 | Abyss:2  | Gained Spirok as an ally
159325 | Abyss:2  | Found a corrupted altar of Lugonu.
159328 | Abyss:2  | Found a corrupted altar of Lugonu.
159413 | Abyss:3  | Found a corrupted altar of Lugonu.
159457 | Depths:3 | Escaped the Abyss
159459 | Depths:3 | Voluntarily entered the Abyss.
159496 | Depths:3 | Escaped the Abyss
159500 | Depths:3 | Voluntarily entered the Abyss.
159731 | Abyss:3  | Reached skill level 15 in Shapeshifting
159762 | Abyss:3  | Gained Norbak as an ally
159785 | Abyss:3  | Your ally Norbak died
159813 | Abyss:3  | Got an abyssal rune of Zot
159886 | Abyss:3  | Gained Geork as an ally
160232 | Abyss:3  | Gained mutation: Your body sometimes deteriorates upon
                  | taking damage. [a neqoxec]
160349 | Abyss:3  | Noticed a dread lich
160371 | Abyss:3  | Killed a dread lich
160374 | Abyss:3  | Gained Boldo as an ally
160392 | Abyss:3  | Gained Orkwin as an ally
160404 | Abyss:3  | Gained Ogrik as an ally
160425 | Depths:3 | Escaped the Abyss
162197 | Pan      | Entered the realm of Mnoleg.
162197 | Pan      | Entered Pandemonium
162348 | Pan      | Gained mutation: You are dopey. (Int -2) [a cacodemon]
162350 | Pan      | Gained mutation: You are vulnerable to heat. (rF-) [a
                  | cacodemon]
162432 | Pan      | Noticed Mnoleg
162454 | Pan      | Your ally Okrist died
162505 | Pan      | Gained mutation: You sometimes lose your temper in combat.
                  | [a neqoxec]
162506 | Pan      | Gained mutation: Armour fits poorly on your strangely
                  | shaped body. [a neqoxec]
162807 | Pan      | Gained mutation: Your health recovers twice as slowly from
                  | being drained. [a cacodemon]
162833 | Pan      | Your ally Beowulf died
162863 | Pan      | Your ally Syrus died
162890 | Pan      | Your ally Orkrul died
162922 | Pan      | Your ally Ortolf died
162924 | Pan      | Killed Mnoleg
162980 | Pan      | Gained mutation: Your body often deteriorates upon taking
                  | damage. [a neqoxec]
162981 | Pan      | Gained mutation: You are very dopey. (Int -4) [a neqoxec]
163164 | Pan      | Gained mutation: You are frail. (-10% HP) [a cacodemon]
163234 | Pan      | Got a glowing rune of Zot
164070 | Pan      | Noticed Azeakka the pandemonium lord
164087 | Pan      | Killed Azeakka the pandemonium lord
164295 | Pan      | Found an exit through the horrors of the Abyss.
164316 | Pan      | Gained mutation: You are vulnerable to cold. (rC-) [a
                  | neqoxec]
164514 | Pan      | Took an exit into the Abyss.
164514 | Abyss:3  | Escaped into the Abyss
164635 | Abyss:3  | Paralysed by accursed screaming for 1 turns
164644 | Abyss:3  | Gained Borgoth as an ally
164644 | Abyss:3  | Gained Borgk as an ally
164667 | Depths:2 | Escaped the Abyss
165040 | D:15     | Lost mutation: You are partially covered in iridescent
                  | scales. (AC +2) [potion of mutation]
165040 | D:15     | Lost mutation: You are vulnerable to heat. (rF-) [potion of
                  | mutation]
165040 | D:15     | Lost mutation: You are vulnerable to cold. (rC-) [potion of
                  | mutation]
165040 | D:15     | Gained mutation: A frigid envelope surrounds you and
                  | freezes all who hurt you. [potion of mutation]
165041 | D:15     | Lost mutation: Your body often deteriorates upon taking
                  | damage. [potion of mutation]
165041 | D:15     | Lost mutation: Your body sometimes deteriorates upon taking
                  | damage. [potion of mutation]
165041 | D:15     | Lost mutation: You are clumsy. (Dex -2) [potion of
                  | mutation]
165041 | D:15     | Gained mutation: Your flesh is cold resistant. (rC+)
                  | [potion of mutation]
165041 | D:15     | Gained mutation: You are partially covered in iridescent
                  | scales. (AC +2) [potion of mutation]
165041 | D:15     | Gained mutation: Your flesh is very cold resistant. (rC++)
                  | [potion of mutation]
165042 | D:15     | Lost mutation: A frigid envelope surrounds you and freezes
                  | all who hurt you. [potion of mutation]
165042 | D:15     | Lost mutation: You sometimes lose your temper in combat.
                  | [potion of mutation]
165042 | D:15     | Gained mutation: You expend magic power (3 MP) to
                  | strengthen your wands. [potion of mutation]
165168 | Depths:2 | Acquired a manual of Dodging
165172 | Pan      | Entered Pandemonium
165175 | Pan      | Your ally Borgk died
165176 | Pan      | Your ally Borgoth died
165180 | Pan      | Gained Garbold as an ally
165191 | Pan      | Noticed Iguwyu Ytha the pandemonium lord
165209 | Pan      | Killed Iguwyu Ytha the pandemonium lord
165215 | Pan      | Your ally Garbold died
166303 | Pan      | Found an exit through the horrors of the Abyss.
166452 | Pan      | Acquired a manual of Spellcasting
167137 | Pan      | Gained mutation: A frigid envelope surrounds you and
                  | freezes all who hurt you. [a neqoxec]
168204 | Pan      | Gained mutation: You occasionally lose the ability to drink
                  | potions when taking damage. [a neqoxec]
169434 | Pan      | Gained mutation: You occasionally shout uncontrollably at
                  | your foes. [a neqoxec]
169480 | Pan      | Gained mutation: You are clumsy. (Dex -2) [a neqoxec]
170298 | Pan      | Gained mutation: You are occasionally teleported next to
                  | monsters. [a neqoxec]
170894 | Pan      | Noticed Mennas
170920 | Pan      | Killed Mennas
170970 | Pan      | Noticed Cyshih the pandemonium lord
172171 | Pan      | Killed Cyshih the pandemonium lord
172583 | Pan      | Identified the +7 morningstar of Xuggebro {pain, Str+6
                  | Dex-3}
174889 | Pan      | Gained Horkud as an ally
179589 | Pan      | Noticed Askagott the pandemonium lord
179613 | Pan      | Killed Askagott the pandemonium lord
179669 | Pan      | Entered the realm of Cerebov.
180815 | Pan      | Identified the +2 bardiche "Prival's Doom" {venom, Dex+3}
180815 | Pan      | Identified the ring "Raiz" {Fly rN+ Str+4}
181183 | Pan      | Identified the +7 spear of the Swamp {antimagic, rPois
                  | Str+2}
181234 | Pan      | Identified the +10 chain mail "Plog" {Rampage rCorr}
181258 | Pan      | Identified the amulet "Bylopp" {Acrobat Harm}
181302 | Pan      | Identified the staff "Faeson Hoech" {Conj Hexes}
181645 | Pan      | Reached skill level 1 in Spellcasting
181836 | Pan      | Reached skill level 1 in Necromancy
182022 | Pan      | Found the +6 sword of Cerebov {flame}
182022 | Pan      | Noticed Cerebov
182039 | Pan      | Your ally Thorok died
182044 | Pan      | Your ally Wulfoc died
182046 | Pan      | Your ally Harm died
182047 | Pan      | Saved by the dreamshard amulet
182047 | Pan      | Your ally Jorge died
182053 | Pan      | Your ally Horkud died
182079 | Pan      | Your ally Warbeogh died
182087 | Pan      | Killed Cerebov
182536 | Pan      | Got a fiery rune of Zot
183070 | Pan      | Identified the +2 ring mail "Munos" {Fly rC+}
183381 | Pan      | Reached skill level 5 in Spellcasting
183678 | Pan      | Reached skill level 5 in Necromancy
183919 | Pan      | Gained Boldo as an ally
185121 | Pan      | Noticed Gabez the pandemonium lord
185135 | Pan      | Your ally Boldo died
185873 | Pan      | Killed Gabez the pandemonium lord
188574 | Pan      | Reached skill level 1 in Translocations
188779 | Pan      | Reached skill level 10 in Spellcasting
189054 | Pan      | Found an exit through the horrors of the Abyss.
189096 | Pan      | Took an exit into the Abyss.
189096 | Abyss:3  | Escaped into the Abyss
189514 | Abyss:3  | Paralysed by accursed screaming for 1 turns
189770 | Depths:2 | Escaped the Abyss
190332 | Spider:1 | Lost mutation: Your flesh is very cold resistant. (rC++)
                  | [potion of mutation]
190332 | Spider:1 | Lost mutation: A frigid envelope surrounds you and freezes
                  | all who hurt you. [potion of mutation]
190332 | Spider:1 | Lost mutation: You are very dopey. (Int -4) [potion of
                  | mutation]
190332 | Spider:1 | Gained mutation: You passively dampen the noise of your
                  | surroundings. [potion of mutation]
190332 | Spider:1 | Lost mutation: You occasionally lose the ability to drink
                  | potions when taking damage. [potion of mutation]
190332 | Spider:1 | Gained mutation: You have a pair of small horns on your
                  | head. [potion of mutation]
190332 | Spider:1 | Lost mutation: You are dopey. (Int -2) [potion of mutation]
190618 | Vaults:4 | Lost mutation: You passively dampen the noise of your
                  | surroundings. [potion of mutation]
190618 | Vaults:4 | Lost mutation: Your health recovers twice as slowly from
                  | being drained. [potion of mutation]
190618 | Vaults:4 | Lost mutation: You are frail. (-10% HP) [potion of
                  | mutation]
190618 | Vaults:4 | Lost mutation: Armour fits poorly on your strangely shaped
                  | body. [potion of mutation]
190618 | Vaults:4 | Gained mutation: You are robust. (+10% HP) [potion of
                  | mutation]
191089 | Depths:1 | Learned a level 4 spell: Animate Dead
191093 | Depths:1 | Learned a level 3 spell: Confusing Touch
191096 | Depths:1 | Learned a level 2 spell: Sublimation of Blood
191100 | Depths:1 | Learned a level 3 spell: Fugue of the Fallen
191105 | Depths:1 | Learned a level 4 spell: Dispel Undead
191282 | Depths:3 | Voluntarily entered the Abyss.
191502 | Abyss:3  | Reached skill level 10 in Necromancy
191668 | Abyss:3  | Noticed an ancient lich
191681 | Abyss:3  | Killed an ancient lich
191733 | Abyss:4  | Found a corrupted altar of Lugonu.
191807 | Depths:3 | Escaped the Abyss
191991 | Zig:1    | Entered Level 1 of a ziggurat
192014 | Zig:2    | Entered Level 2 of a ziggurat
192031 | Zig:2    | Identified the ring of Weskof {Fly Str+6 Dex+3}
192046 | Zig:3    | Entered Level 3 of a ziggurat
192105 | Zig:4    | Entered Level 4 of a ziggurat
192108 | Zig:4    | Found the +12 glaive of Prune {freeze, Prune}
192132 | Zig:4    | Gained Margrim as an ally
192136 | Zig:4    | Identified the staff "Lekhodgha" {rElec rF+ Will+++ Dex-4
                  | Summ Air}
192278 | Zig:5    | Entered Level 5 of a ziggurat
192283 | Zig:5    | Found the +7 sceptre of Torment {pain, torment}
192307 | Zig:5    | Identified the staff "Esakleifong" {rF+ Int+3 Fire}
192308 | Zig:5    | Identified the amulet of Ycerr {Spirit rPois Regen+ Str+5
                  | Dex-4}
192311 | Zig:5    | Acquired Gunoyqe's Lessons on the Freezing Sky
192313 | Zig:5    | Acquired a Necronomicon
192334 | Zig:6    | Entered Level 6 of a ziggurat
192391 | Zig:7    | Entered Level 7 of a ziggurat
192459 | Zig:7    | Gained Hawl as an ally
192475 | Zig:7    | Identified the ring "Dicuhemmuk" {rElec rN+ Will+ Dex-3}
192485 | Zig:7    | Lost mutation: You are robust. (+10% HP) [potion of
                  | mutation]
192485 | Zig:7    | Lost mutation: You have a pair of small horns on your head.
                  | [potion of mutation]
192485 | Zig:7    | Lost mutation: You are clumsy. (Dex -2) [potion of
                  | mutation]
192492 | Zig:7    | Identified the +6 chain mail "Foofahix" {Fly rF+}
192517 | Zig:8    | Entered Level 8 of a ziggurat
192528 | Zig:8    | Noticed a dread lich
192558 | Zig:8    | Killed a dread lich
192632 | Zig:8    | Got the Omnibus of the Gathering and Quicksand
192654 | Zig:9    | Entered Level 9 of a ziggurat
192743 | Zig:9    | Identified the +4 great sword of Eqowkuc {spect, rCorr
                  | Str+3}
192758 | Zig:10   | Entered Level 10 of a ziggurat
192767 | Zig:10   | Noticed a dread lich
192787 | Zig:10   | Gained Alork as an ally
192787 | Zig:10   | Gained Spirok as an ally
192793 | Zig:10   | Your ally Spirok died
192795 | Zig:10   | Your ally Alork died
192803 | Zig:10   | Gained Spirok as an ally
192813 | Zig:10   | Killed a dread lich
192834 | Zig:10   | Lost mutation: Your flesh is cold resistant. (rC+) [potion
                  | of mutation]
192834 | Zig:10   | Lost mutation: You occasionally shout uncontrollably at
                  | your foes. [potion of mutation]
192834 | Zig:10   | Gained mutation: You have sharp toenails. [potion of
                  | mutation]
192834 | Zig:10   | Gained mutation: You are strong-willed. (Will+) [potion of
                  | mutation]
192834 | Zig:10   | Gained mutation: You are agile. (Dex +4, Str/Int -1)
                  | [potion of mutation]
192835 | Zig:10   | Lost mutation: You expend magic power (3 MP) to strengthen
                  | your wands. [potion of mutation]
192835 | Zig:10   | Lost mutation: You are strong-willed. (Will+) [potion of
                  | mutation]
192835 | Zig:10   | Lost mutation: You are partially covered in iridescent
                  | scales. (AC +2) [potion of mutation]
192835 | Zig:10   | Gained mutation: You are partially covered in iridescent
                  | scales. (AC +2) [potion of mutation]
192835 | Zig:10   | Lost mutation: You are agile. (Dex +4, Str/Int -1) [potion
                  | of mutation]
192842 | Zig:10   | Identified the ring of Yhiy {Wiz ^Drain rElec rC+ rN+ Dex-3
                  | SInv}
192846 | Zig:10   | Reached skill level 5 in Translocations
192909 | Zig:11   | Entered Level 11 of a ziggurat
192942 | Zig:11   | Noticed Zeurgh Meoxy the pandemonium lord
192943 | Zig:12   | Entered Level 12 of a ziggurat
193005 | Zig:12   | HP: 9/273 [red draconian scorcher/damnation (22)]
193006 | Zig:12   | Found the +8 lance "Wyrmbane" {slay drac, rPois rF+ rC+
                  | AC+3}
193006 | Zig:12   | Found the +13 scythe of Curses {drain, curses, ^Drain}
193011 | Zig:12   | HP: 12/273 [black draconian knight/bolt of lightning (1)]
193446 | Zig:12   | Identified the +3 dagger "Annuts" {freeze, rElec rF- SInv}
193453 | Zig:12   | Identified the +1 mace of Ehonaly {elec, rElec}
193479 | Zig:13   | Entered Level 13 of a ziggurat
193497 | Zig:13   | Noticed Otuiragi the pandemonium lord
193504 | Zig:13   | Noticed Zelevi the pandemonium lord
193512 | Zig:13   | Noticed Reic the pandemonium lord
193531 | Zig:13   | HP: 3/273 [Killer Klown/klown pie (38)]
194722 | Pan      | Entered Pandemonium
194759 | Pan      | Found an exit through the horrors of the Abyss.
194946 | Pan      | Noticed Intol the pandemonium lord
194952 | Pan      | Your ally Spirok died
194977 | Pan      | Your ally Margrim died
194983 | Pan      | Killed Intol the pandemonium lord
195805 | Pan      | Gained Grimold as an ally
196250 | Pan      | Your ally Grimold died
197747 | Pan      | Learned a level 6 spell: Death Channel
197753 | Pan      | Learned a level 5 spell: Borgnjor's Vile Clutch
197758 | Pan      | Learned a level 4 spell: Manifold Assault
197761 | Pan      | Learned a level 2 spell: Blink
197766 | Pan      | Learned a level 4 spell: Passage of Golubria
197774 | Pan      | Learned a level 7 spell: Haunt
197783 | Pan      | Learned a level 8 spell: Infestation
198684 | Pan      | Gained Garbold as an ally
198952 | Pan      | Reached skill level 15 in Spellcasting
199967 | Pan      | Reached skill level 10 in Translocations
200225 | Pan      | Your ally Garbold died
201547 | Pan      | Took an exit into the Abyss.
201547 | Abyss:4  | Escaped into the Abyss
201547 | Abyss:4  | Found a corrupted altar of Lugonu.
201779 | Depths:2 | Escaped the Abyss
201886 | Pan      | Entered the realm of Lom Lobon.
201886 | Pan      | Entered Pandemonium
201886 | Pan      | Found an exit through the horrors of the Abyss.
204186 | Pan      | Noticed Lom Lobon
204261 | Pan      | Killed Lom Lobon
204479 | Pan      | Got a magical rune of Zot
205542 | Pan      | Gained Orkrul as an ally
206873 | Pan      | Gained Thorok as an ally
209683 | Pan      | Reached skill level 15 in Necromancy
210179 | Depths:2 | Escaped Pandemonium
210182 | Pan      | Entered the realm of Gloorx Vloq.
210182 | Pan      | Entered Pandemonium
210359 | Pan      | Noticed Gloorx Vloq
210691 | Pan      | Gained Bogward as an ally
210707 | Pan      | Your ally Bogward died
211178 | Pan      | Found an exit through the horrors of the Abyss.
211516 | Pan      | Gained Korbok as an ally
211554 | Pan      | Your ally Korbok died
212019 | Pan      | Killed Gloorx Vloq
212448 | Pan      | Got a dark rune of Zot
213201 | Pan      | Gained Okrist as an ally
214147 | Pan      | Your ally Okrist died
218733 | Pan      | Gained Gorbash as an ally
218768 | Pan      | Your ally Gorbash died
218828 | Pan      | Gained Ognian as an ally
219540 | Pan      | Gained Rocco as an ally
219809 | Pan      | Gained Zorug as an ally
219890 | Pan      | Your ally Ognian died
221748 | Pan      | Gained Thorok as an ally
221749 | Pan      | Paralysed by you for 1 turns
221750 | Pan      | Noticed Dariup the pandemonium lord
221767 | Pan      | Killed Dariup the pandemonium lord
221965 | Pan      | Found an exit through the horrors of the Abyss.
222079 | Pan      | Identified the ring "Zom Nuo" {rElec rF+ rC- Will+}
222775 | Pan      | Learned a level 4 spell: Martyr's Knell
222789 | Pan      | Learned a level 8 spell: Borgnjor's Revivification
224579 | Pan      | Gained Blodwig as an ally
232948 | Depths:2 | Escaped Pandemonium
232953 | Pan      | Entered Pandemonium
233284 | Pan      | Gained Arbolt as an ally
233444 | Pan      | Found an exit through the horrors of the Abyss.
233761 | Pan      | Noticed Jilinik the pandemonium lord
233803 | Pan      | Killed Jilinik the pandemonium lord
235035 | Pan      | Identified the +0 leather armour of Ceam {rC++ Int+4}
235089 | Pan      | Noticed Ignacio
235113 | Pan      | Killed Ignacio
235201 | Pan      | Noticed Qoroistre the pandemonium lord
235258 | Pan      | Found a transporter.
235807 | Pan      | Gained Oruk as an ally
235993 | Pan      | Gained Borgun as an ally
236176 | Pan      | Found a transporter.
238597 | Pan      | Your ally Oruk died
239782 | Pan      | Noticed Hisun the pandemonium lord
239803 | Pan      | Killed Hisun the pandemonium lord
239915 | Pan      | Found an exit through the horrors of the Abyss.
241721 | Pan      | Found an exit through the horrors of the Abyss.
241930 | Pan      | Noticed Suzytwy the pandemonium lord
241951 | Pan      | Killed Suzytwy the pandemonium lord
242029 | Pan      | Gained Boderik as an ally
242029 | Pan      | Gained Morguth as an ally
242029 | Pan      | Gained Agrik as an ally
242067 | Pan      | Your ally Boderik died
242129 | Pan      | Your ally Morguth died
242524 | Pan      | Your ally Agrik died
243178 | Depths:2 | Escaped Pandemonium
243225 | Pan      | Entered Pandemonium
243781 | Pan      | Found an exit through the horrors of the Abyss.
243881 | Pan      | Noticed Zaerchant the pandemonium lord
243893 | Pan      | Killed Zaerchant the pandemonium lord
244732 | Pan      | Noticed Vosmineh the pandemonium lord
244750 | Pan      | Killed Vosmineh the pandemonium lord
245805 | Pan      | Found an exit through the horrors of the Abyss.
245967 | Pan      | Gained Urtork as an ally
246206 | Pan      | Noticed Nopsas the pandemonium lord
246213 | Pan      | Your ally Urtork died
246220 | Pan      | Killed Nopsas the pandemonium lord
247422 | Pan      | Found a transporter.
247454 | Pan      | Gained Zartorak as an ally
247497 | Pan      | Identified the +0 chain mail of Yxeptoanu {rC+ rCorr}
247633 | Pan      | Found a transporter.
247676 | Pan      | Gained Milork as an ally
247845 | Pan      | Identified the ring of Enixeozi {AC+4 SInv}
247859 | Pan      | Identified the ring "Cyuromu" {rElec rF+ rCorr}
248077 | Pan      | Your ally Milork died
248867 | Pan      | Reached skill level 1 in Summonings
252380 | Pan      | Reached skill level 5 in Summonings
254271 | Pan      | Found a glowing silver altar of Zin.
254305 | Pan      | Found a white marble altar of Elyvilon.
255277 | Pan      | Gained Morguth as an ally
255655 | Pan      | Your ally Morguth died
255953 | Pan      | Gained Hilgar as an ally
255994 | Pan      | Your ally Hilgar died
256440 | Pan      | Reached skill level 10 in Summonings
258417 | Pan      | Identified the +5 arbalest of Zuhat {flame, Dex+3}
258467 | Pan      | Identified the ring "Durifok" {MP+9 Str+2}
258545 | Pan      | Identified the +6 scale mail of Autumn {rF+++ rCorr Int-3
                  | Dex-3}
258545 | Pan      | Noticed a seraph
258560 | Pan      | Killed a seraph
258567 | Pan      | Found a glowing golden altar of the Shining One.
258589 | Pan      | Identified the staff "Yttab" {rElec rN+ rCorr Int+3 Necro}
258592 | Pan      | Got a demonic rune of Zot
258599 | Pan      | Got the Verses on Conjuration and the Fair Folk
258914 | Pan      | Gained Gorm as an ally
259260 | Pan      | Your ally Gorm died
261631 | Pan      | Learned a level 4 spell: Animate Armour
261731 | Pan      | Gained Blodwig as an ally
261731 | Pan      | Gained Rocco as an ally
262927 | Pan      | Gained Ognian as an ally
263456 | Pan      | Your ally Rocco died
263695 | Pan      | Your ally Blodwig died
263711 | Pan      | Your ally Ognian died
265191 | Pan      | Reached skill level 15 in Summonings
267202 | Pan      | Gained Bolgrim as an ally
272206 | Pan      | Gained Wargrak as an ally
272381 | Pan      | Identified the +10 tower shield of the Endless Expanse
                  | {rElec rF+ Slay+3}
272428 | Pan      | Identified the +5 tower shield of True Grit {rCorr MP+9}
272871 | Pan      | Gained Argrim as an ally
273392 | Pan      | Identified the +10 tower shield "Nuekulab" {Harm +Blink
                  | Str-5 Dex-2}
274695 | Pan      | Reached skill level 27 in Spellcasting
275920 | Pan      | Learned a level 7 spell: Monstrous Menagerie
277024 | Pan      | Identified the -1 tower shield "Kack" {Dex+2}
280111 | Pan      | Glimpsed the power of Zot.
280305 | Depths:2 | Escaped Pandemonium
280326 | Pan      | Entered Pandemonium
280623 | Pan      | Noticed Zuri the pandemonium lord
280651 | Pan      | Killed Zuri the pandemonium lord
280938 | Pan      | Found an exit through the horrors of the Abyss.
281122 | Depths:2 | Escaped Pandemonium
281281 | Pan      | Entered Pandemonium
281332 | Pan      | Noticed Eneclod the pandemonium lord
281371 | Pan      | Killed Eneclod the pandemonium lord
281581 | Pan      | Identified the ring "Guwketu" {rC+ Will- Dex+4}
282597 | Pan      | Gained Hawl as an ally
282619 | Pan      | Your ally Hawl died
282627 | Pan      | Noticed Otys the pandemonium lord
282632 | Pan      | Gained Boderik as an ally
282633 | Pan      | Your ally Boderik died
282644 | Pan      | Killed Otys the pandemonium lord
283262 | Pan      | Found an exit through the horrors of the Abyss.
283486 | Depths:2 | Escaped Pandemonium
283785 | Depths:2 | Lost mutation: You are partially covered in iridescent
                  | scales. (AC +2) [potion of mutation]
283785 | Depths:2 | Lost mutation: You are occasionally teleported next to
                  | monsters. [potion of mutation]
283785 | Depths:2 | Lost mutation: You have sharp toenails. [potion of
                  | mutation]
283785 | Depths:2 | Gained mutation: You expend magic power (3 MP) to
                  | strengthen your wands. [potion of mutation]
283785 | Depths:2 | Gained mutation: You occasionally lose the ability to drink
                  | potions when taking damage. [potion of mutation]
283785 | Depths:2 | Gained mutation: Your body sometimes deteriorates upon
                  | taking damage. [potion of mutation]
283786 | Depths:2 | Lost mutation: You expend magic power (3 MP) to strengthen
                  | your wands. [potion of mutation]
283786 | Depths:2 | Lost mutation: You occasionally lose the ability to drink
                  | potions when taking damage. [potion of mutation]
283786 | Depths:2 | Lost mutation: Your body sometimes deteriorates upon taking
                  | damage. [potion of mutation]
283786 | Depths:2 | Gained mutation: Your muscles are strong. (Str +4, Int/Dex
                  | -1) [potion of mutation]
283786 | Depths:2 | Gained mutation: Your muscles are very strong. (Str +8,
                  | Int/Dex -2) [potion of mutation]
283801 | Depths:2 | Learned a level 9 spell: Dragon's Call
283802 | Pan      | Entered Pandemonium
283838 | Pan      | Gained Wargrak as an ally
283914 | Pan      | Noticed Ruusut the pandemonium lord
283915 | Abyss:6  | Cast into level 6 of the Abyss (Ruusut)
283991 | Abyss:6  | Gained Ugbert as an ally
283991 | Abyss:6  | Gained Wardok as an ally
284005 | Abyss:6  | Your ally Wardok died
284007 | Abyss:6  | Your ally Ugbert died
284020 | Abyss:6  | Gained Milork as an ally
284067 | Pan      | Escaped the Abyss
284072 | Pan      | Your ally Milork died
284084 | Pan      | Killed Ruusut the pandemonium lord
284295 | Pan      | Found an exit through the horrors of the Abyss.
284805 | Pan      | Your ally Wargrak died
285824 | Pan      | Noticed Heuhex the pandemonium lord
285837 | Pan      | Killed Heuhex the pandemonium lord
285840 | Pan      | Gained Wargrak as an ally
285859 | Pan      | Gained Ugbert as an ally
285994 | Pan      | Your ally Wargrak died
286053 | Pan      | Acquired the +1 pair of boots of the Ego {+Blink rC+ Regen+
                  | Int+3}
286665 | Pan      | Found an exit through the horrors of the Abyss.
286783 | Pan      | Identified the amulet of Fiwiofe {Acrobat ^Contam rElec
                  | rF+}
287071 | Pan      | Reached skill level 27 in Summonings
287784 | Pan      | Reached skill level 5 in Dodging
287819 | Pan      | Acquired a book of Spatial Translocations
287847 | Pan      | Identified the +0 chain mail of Wisdom {Slay+2}
288345 | Pan      | Noticed Jiuchiu the pandemonium lord
288379 | Pan      | Killed Jiuchiu the pandemonium lord
288547 | Depths:2 | Escaped Pandemonium
288657 | Pan      | Entered Pandemonium
288690 | Pan      | Noticed Qysuot the pandemonium lord
288701 | Pan      | Killed Qysuot the pandemonium lord
288703 | Pan      | Gained Bogwik as an ally
288703 | Pan      | Gained Norbak as an ally
288713 | Pan      | Found an exit through the horrors of the Abyss.
288846 | Pan      | Your ally Bogwik died
289435 | Pan      | Found an exit through the horrors of the Abyss.
289665 | Pan      | Noticed Pes Qydd the pandemonium lord
289701 | Pan      | Killed Pes Qydd the pandemonium lord
290410 | Pan      | Gained Agrik as an ally
290563 | Pan      | Reached skill level 10 in Dodging
290572 | Pan      | Noticed Elaonaw the pandemonium lord
290588 | Pan      | Killed Elaonaw the pandemonium lord
291485 | Pan      | Noticed Dianwa the pandemonium lord
291524 | Pan      | Killed Dianwa the pandemonium lord
291853 | Pan      | Found an exit through the horrors of the Abyss.
292135 | Pan      | Identified the amulet "Woijex" {Faith -Tele Harm Rampage
                  | Str+4}
292136 | Pan      | Found an exit through the horrors of the Abyss.
292253 | Pan      | Identified the +1 war axe of the Four Spines {freeze, rN+
                  | Str-4 Int+5 Stlth+}
292446 | Pan      | Reached skill level 27 in Armour
292621 | Pan      | Noticed Zeipikog the pandemonium lord
292637 | Pan      | Killed Zeipikog the pandemonium lord
292775 | Pan      | Paralysed by accursed screaming for 2 turns
293026 | Pan      | Found an exit through the horrors of the Abyss.
293139 | Pan      | Reached skill level 27 in Shields
293314 | Pan      | Identified the staff "Leviticus" {*Slow +Blink rElec rN++
                  | Fire Air}
293324 | Pan      | Identified the +6 scale mail "Boabipp" {Int+3}
293334 | Pan      | Identified the +10 short sword "Plog" {holy, rF+ Str+3}
293573 | Pan      | Noticed Eneriw the pandemonium lord
293592 | Pan      | Killed Eneriw the pandemonium lord
293662 | Pan      | Found an exit through the horrors of the Abyss.
294662 | Pan      | Noticed Batrotis the pandemonium lord
294679 | Pan      | Killed Batrotis the pandemonium lord
294756 | Pan      | Reached skill level 15 in Dodging
294915 | Pan      | Identified the +1 hand axe "Okhoywy" {freeze, rElec Will+
                  | Int-5}
294974 | Pan      | Found an exit through the horrors of the Abyss.
295098 | Pan      | Identified the +12 sling of Teenin {drain, Will+}
295288 | Pan      | Noticed Pyag the pandemonium lord
295300 | Pan      | Killed Pyag the pandemonium lord
295311 | Pan      | Gained Jorge as an ally
295394 | Pan      | Gained Spirok as an ally
295458 | Pan      | Your ally Spirok died
295479 | Pan      | Your ally Jorge died
295493 | Pan      | Found an exit through the horrors of the Abyss.
296950 | Pan      | Found an exit through the horrors of the Abyss.
297182 | Pan      | Noticed Laqurcho the pandemonium lord
297200 | Pan      | Killed Laqurcho the pandemonium lord
297205 | Pan      | Identified the ring "Nofewnoy" {rPois rF+ Will+ Slay+3}
297227 | Pan      | Gained Nordag as an ally
297555 | Pan      | Your ally Nordag died
298176 | Pan      | Reached skill level 1 in Fire Magic
298189 | Pan      | Noticed Uvyfox Qeja the pandemonium lord
298203 | Pan      | Killed Uvyfox Qeja the pandemonium lord
298422 | Pan      | Reached skill level 5 in Fire Magic
298515 | Pan      | Identified the +4 chain mail "Itoen" {^Contam Int+4}
298686 | Pan      | Found an exit through the horrors of the Abyss.
298908 | Depths:2 | Escaped Pandemonium
298985 | Depths:2 | Lost mutation: Your muscles are very strong. (Str +8,
                  | Int/Dex -2) [potion of mutation]
298985 | Depths:2 | Lost mutation: Your muscles are strong. (Str +4, Int/Dex
                  | -1) [potion of mutation]
298985 | Depths:2 | Gained mutation: Your spells are a little easier to cast,
                  | but a little less powerful. [potion of mutation]
298985 | Depths:2 | Gained mutation: Your flesh is cold resistant. (rC+)
                  | [potion of mutation]
298986 | Depths:2 | Lost mutation: Your spells are a little easier to cast, but
                  | a little less powerful. [potion of mutation]
298986 | Depths:2 | Lost mutation: Your flesh is cold resistant. (rC+) [potion
                  | of mutation]
298986 | Depths:2 | Gained mutation: Your system is resistant to poisons.
                  | (rPois) [potion of mutation]
298986 | Depths:2 | Gained mutation: Armour fits poorly on your strangely
                  | shaped body. [potion of mutation]
298986 | Depths:2 | Gained mutation: You expend magic power (3 MP) to
                  | strengthen your wands. [potion of mutation]
298987 | Depths:2 | Lost mutation: Armour fits poorly on your strangely shaped
                  | body. [potion of mutation]
298987 | Depths:2 | Lost mutation: You expend magic power (3 MP) to strengthen
                  | your wands. [potion of mutation]
298987 | Depths:2 | Lost mutation: Your system is resistant to poisons. (rPois)
                  | [potion of mutation]
298987 | Depths:2 | Gained mutation: Your flesh is cold resistant. (rC+)
                  | [potion of mutation]
299003 | Depths:2 | Learned a level 8 spell: Ignition
299004 | Pan      | Entered Pandemonium
299158 | Pan      | Found an exit through the horrors of the Abyss.
299181 | Pan      | Noticed Siosifisk the pandemonium lord
299204 | Pan      | Killed Siosifisk the pandemonium lord
300269 | Pan      | Reached skill level 10 in Fire Magic
301150 | Pan      | Noticed Uffabi the pandemonium lord
301158 | Pan      | Killed Uffabi the pandemonium lord
301169 | Pan      | Gained Margrim as an ally
301534 | Pan      | Your ally Margrim died
301740 | Pan      | Found an exit through the horrors of the Abyss.
302274 | Pan      | Found an exit through the horrors of the Abyss.
302414 | Pan      | Paralysed by accursed screaming for 1 turns
302567 | Pan      | Noticed Nukhluewn the pandemonium lord
302780 | Pan      | Killed Nukhluewn the pandemonium lord
302977 | Pan      | Identified the staff of Conscience {rElec rN+ Str+2 Air
                  | Alchemy}
303092 | Pan      | Gained Brunolf as an ally
303608 | Pan      | Reached skill level 15 in Fire Magic
305090 | Pan      | Gained Okrist as an ally
307439 | Pan      | Noticed Fetaicedghu the pandemonium lord
307457 | Pan      | Killed Fetaicedghu the pandemonium lord
307766 | Pan      | Found an exit through the horrors of the Abyss.
307865 | Pan      | Your ally Brunolf died
307874 | Pan      | Gained Alork as an ally
308039 | Pan      | Identified the serpent talisman of Pantheism {rN+ rCorr
                  | Int+2 Dex+3}
309869 | Depths:2 | Escaped Pandemonium
309875 | Pan      | Entered Pandemonium
310124 | Pan      | Found an exit through the horrors of the Abyss.
310371 | Pan      | Noticed Xiumn the pandemonium lord
310396 | Pan      | Killed Xiumn the pandemonium lord
310609 | Pan      | Noticed Ifueloxku the pandemonium lord
310630 | Pan      | Killed Ifueloxku the pandemonium lord
310682 | Pan      | Gained Geork as an ally
310694 | Pan      | Your ally Geork died
311219 | Pan      | Found an exit through the horrors of the Abyss.
311695 | Pan      | Gained Bogbrand as an ally
311927 | Pan      | Noticed Vuff the pandemonium lord
311934 | Pan      | Killed Vuff the pandemonium lord
314072 | Pan      | Found an exit through the horrors of the Abyss.
314126 | Pan      | Noticed Juro the pandemonium lord
314141 | Pan      | Killed Juro the pandemonium lord
315478 | Pan      | Found an exit through the horrors of the Abyss.
317501 | Pan      | Identified the storm talisman of the Cockroach {rN+++ Will-
                  | rCorr Stlth-}
317636 | Pan      | Gained Orkrul as an ally
317845 | Pan      | Noticed Zefucoz the pandemonium lord
317858 | Pan      | Killed Zefucoz the pandemonium lord
317974 | Pan      | Identified the +0 chain mail of Free Expression {rElec rN+
                  | Will+}
318705 | Pan      | Found an exit through the horrors of the Abyss.
319090 | Pan      | Found a runed translucent door.
319673 | Pan      | Noticed Hairom the pandemonium lord
319687 | Pan      | Killed Hairom the pandemonium lord
319723 | Pan      | Your ally Orkrul died
319791 | Pan      | Noticed Pyca Til the pandemonium lord
319795 | Pan      | Reached skill level 1 in Hexes
319804 | Pan      | Killed Pyca Til the pandemonium lord
319935 | Pan      | Reached skill level 5 in Hexes
319969 | Pan      | Found an exit through the horrors of the Abyss.
320113 | Pan      | Identified the +0 robe of the Doldrums {^Drain Int+6}
320947 | Pan      | Noticed Duishuwn the pandemonium lord
320958 | Pan      | Killed Duishuwn the pandemonium lord
321272 | Pan      | Gained Wulfoc as an ally
321341 | Pan      | Found an exit through the horrors of the Abyss.
321646 | Pan      | Reached skill level 10 in Hexes
323219 | Depths:2 | Escaped Pandemonium
323225 | Pan      | Entered Pandemonium
323255 | Pan      | Noticed Ithubaz the pandemonium lord
323260 | Pan      | Gained Judas as an ally
323263 | Pan      | Your ally Judas died
323276 | Pan      | Killed Ithubaz the pandemonium lord
323281 | Pan      | Found an opulent altar of Gozag.
323281 | Pan      | Found an opulent altar of Gozag.
323284 | Pan      | Found Ithubaz's Jewellery Shoppe.
323287 | Pan      | Found Ithubaz's Rarities Stock.
323302 | Pan      | Found Ithubaz's Exquisite Manuscripts.
323384 | Pan      | Found an opulent altar of Gozag.
323394 | Pan      | Found Ithubaz's Quality Elixirs.
323468 | Pan      | Bought a scroll of revelation for 90 gold pieces
323468 | Pan      | Bought 2 scrolls of fog for 96 gold pieces
323468 | Pan      | Bought 2 scrolls of enchant armour for 180 gold pieces
323468 | Pan      | Bought a scroll of enchant weapon for 90 gold pieces
323468 | Pan      | Bought a scroll of revelation for 90 gold pieces
323468 | Pan      | Bought a scroll of fog for 48 gold pieces
323468 | Pan      | Bought 2 scrolls of revelation for 180 gold pieces
323468 | Pan      | Bought a scroll of enchant armour for 90 gold pieces
323468 | Pan      | Bought a scroll of fog for 48 gold pieces
323491 | Pan      | Bought a potion of might for 60 gold pieces
323491 | Pan      | Bought a potion of might for 60 gold pieces
323491 | Pan      | Bought a potion of mutation for 120 gold pieces
323491 | Pan      | Bought a potion of invisibility for 120 gold pieces
323491 | Pan      | Bought 2 potions of magic for 240 gold pieces
323491 | Pan      | Bought a potion of might for 60 gold pieces
323491 | Pan      | Bought a potion of cancellation for 120 gold pieces
323491 | Pan      | Bought a potion of magic for 120 gold pieces
323491 | Pan      | Bought a potion of heal wounds for 75 gold pieces
323491 | Pan      | Bought a potion of heal wounds for 75 gold pieces
323659 | Pan      | Gained Geork as an ally
324065 | Pan      | Found an exit through the horrors of the Abyss.
324850 | Pan      | Gained Orik as an ally
328216 | Pan      | Reached skill level 15 in Hexes
332569 | Depths:2 | Escaped Pandemonium
332578 | Pan      | Entered Pandemonium
332585 | Pan      | Learned a level 5 spell: Yara's Violent Unravelling
332594 | Pan      | Found a huge runed translucent gate.
332596 | Pan      | Found a huge runed translucent gate.
332598 | Pan      | Found a huge runed translucent gate.
332599 | Pan      | Found a huge runed translucent gate.
332600 | Pan      | Found a huge runed translucent gate.
332601 | Pan      | Found a huge runed translucent gate.
332872 | Pan      | Found an exit through the horrors of the Abyss.
333153 | Pan      | Gained Orgrim as an ally
333202 | Pan      | Found a huge runed translucent gate.
333255 | Pan      | Noticed Gusheg the pandemonium lord
333274 | Pan      | Killed Gusheg the pandemonium lord
333442 | Pan      | Your ally Orgrim died
333446 | Pan      | Noticed Egeoq the pandemonium lord
333469 | Pan      | Killed Egeoq the pandemonium lord
333852 | Pan      | Found an exit through the horrors of the Abyss.
334242 | Depths:2 | Escaped Pandemonium
334247 | Pan      | Entered Pandemonium
334328 | Pan      | Identified the +5 scale mail of Fisujeix {SInv}
334378 | Pan      | Found an exit through the horrors of the Abyss.
334457 | Pan      | Found a huge runed translucent gate.
334466 | Pan      | Found a huge runed translucent gate.
334467 | Pan      | Found a huge runed translucent gate.
334467 | Pan      | Found a huge runed translucent gate.
334467 | Pan      | Found a huge runed translucent gate.
334467 | Pan      | Found a huge runed translucent gate.
334467 | Pan      | Found a huge runed translucent gate.
334592 | Pan      | Gained Milork as an ally
334673 | Pan      | Your ally Milork died
334678 | Pan      | Noticed Gatih the pandemonium lord
334705 | Pan      | Killed Gatih the pandemonium lord
334705 | Pan      | Gained Arbolt as an ally
334881 | Depths:2 | Escaped Pandemonium
334884 | Pan      | Entered Pandemonium
335015 | Pan      | Found an exit through the horrors of the Abyss.
335154 | Pan      | Noticed Pylorchai the pandemonium lord
335168 | Pan      | Killed Pylorchai the pandemonium lord
335203 | Pan      | Identified the staff of the Mauling Gods {Will+ Conj
                  | Alchemy}
335630 | Depths:2 | Escaped Pandemonium
336023 | Vaults:2 | Bought 3 scrolls of immolation for 204 gold pieces
336023 | Vaults:2 | Bought a scroll of amnesia for 68 gold pieces
336023 | Vaults:2 | Bought a scroll of enchant weapon for 127 gold pieces
336023 | Vaults:2 | Bought a scroll of silence for 161 gold pieces
336023 | Vaults:2 | Bought a scroll of amnesia for 68 gold pieces
336023 | Vaults:2 | Bought a scroll of blinking for 127 gold pieces
336023 | Vaults:2 | Bought a scroll of vulnerability for 68 gold pieces
336023 | Vaults:2 | Bought a scroll of fog for 68 gold pieces
336023 | Vaults:2 | Bought a scroll of blinking for 127 gold pieces
336606 | Depths:4 | Glimpsed the power of Zot.
336625 | Pan      | Entered Pandemonium
336680 | Pan      | Noticed Citiroch the pandemonium lord
336692 | Pan      | Killed Citiroch the pandemonium lord
336786 | Pan      | Gained Bogwik as an ally
337216 | Pan      | Found an exit through the horrors of the Abyss.
337239 | Pan      | Your ally Bogwik died
338175 | Depths:2 | Escaped Pandemonium
338179 | Pan      | Entered Pandemonium
338198 | Pan      | Reached skill level 1 in Air Magic
338222 | Pan      | Noticed Kekanetu the pandemonium lord
338237 | Pan      | Killed Kekanetu the pandemonium lord
338246 | Pan      | Reached skill level 5 in Air Magic
338444 | Pan      | Found an exit through the horrors of the Abyss.
338592 | Pan      | Gained Bogfrid as an ally
338592 | Pan      | Gained Hawl as an ally
338779 | Pan      | Gained Bogward as an ally
338829 | Pan      | Your ally Bogward died
339001 | Pan      | Your ally Bogfrid died
339004 | Pan      | Your ally Hawl died
339014 | Pan      | Noticed Ykucs the pandemonium lord
339040 | Pan      | Killed Ykucs the pandemonium lord
339216 | Pan      | Found an exit through the horrors of the Abyss.
339528 | Depths:2 | Escaped Pandemonium
339534 | Pan      | Entered Pandemonium
339983 | Pan      | Reached skill level 10 in Air Magic
340201 | Pan      | Identified the +8 long sword "Killer Bee's Foe" {freeze,
                  | *Rage Str+2 Dex+6 SInv}
340336 | Pan      | Found an exit through the horrors of the Abyss.
340417 | Pan      | Identified the ring of the Quick God {Fire *Corrode Will+
                  | Int+6}
340441 | Pan      | Identified the amulet "Igini" {rN+ Regen+}
341028 | Pan      | Found an exit through the horrors of the Abyss.
341275 | Pan      | Noticed Runnos the pandemonium lord
341298 | Pan      | Killed Runnos the pandemonium lord
342196 | Depths:2 | Escaped Pandemonium
342204 | Pan      | Entered Pandemonium
342312 | Pan      | Found an exit through the horrors of the Abyss.
342766 | Pan      | Found a runed translucent door.
342799 | Pan      | Noticed Mephecs the pandemonium lord
342829 | Pan      | Killed Mephecs the pandemonium lord
343265 | Pan      | Found an exit through the horrors of the Abyss.
343436 | Pan      | Noticed Cemuxe the pandemonium lord
343445 | Pan      | Killed Cemuxe the pandemonium lord
343980 | Depths:2 | Escaped Pandemonium
343985 | Pan      | Entered Pandemonium
344002 | Pan      | Found an exit through the horrors of the Abyss.
344177 | Pan      | Reached skill level 15 in Air Magic
344564 | Pan      | Gained Bolgrim as an ally
344588 | Pan      | Noticed Dozinn the pandemonium lord
344602 | Pan      | Killed Dozinn the pandemonium lord
345080 | Depths:2 | Escaped Pandemonium
345084 | Pan      | Entered Pandemonium
345088 | Pan      | Found a runed translucent door.
345108 | Pan      | Found a runed translucent door.
345128 | Pan      | Found a runed translucent door.
345321 | Pan      | Found an exit through the horrors of the Abyss.
345568 | Pan      | Found a runed translucent door.
345596 | Pan      | Noticed Zuulif the pandemonium lord
345864 | Pan      | Killed Zuulif the pandemonium lord
345898 | Pan      | Identified the +2 spear of Success {drain, rElec rF+ rN+
                  | Str+4}
346072 | Pan      | Gained Worak as an ally
346230 | Pan      | Identified the +1 ring mail of Uhurr {^Drain rC+++ MP+9
                  | SInv}
346468 | Pan      | Your ally Worak died
346679 | Pan      | Noticed Agonohy the pandemonium lord
346700 | Pan      | Killed Agonohy the pandemonium lord
346759 | Pan      | Identified the +4 scale mail of the Tormentor {rN+++ Will-
                  | Regen+ Dex-3}
347149 | Pan      | Learned a level 8 spell: Maxwell's Capacitive Coupling
347246 | Pan      | Gained Ogrik as an ally
347246 | Pan      | Gained Worak as an ally
347270 | Pan      | Found an exit through the horrors of the Abyss.
347398 | Pan      | Your ally Ogrik died
347588 | Pan      | Noticed Jor Eja the pandemonium lord
347617 | Pan      | Your ally Worak died
347623 | Pan      | Killed Jor Eja the pandemonium lord
347991 | Pan      | Found a huge runed translucent gate.
347991 | Pan      | Found a huge runed translucent gate.
347991 | Pan      | Found a huge runed translucent gate.
347992 | Pan      | Found a huge runed translucent gate.
347992 | Pan      | Found a huge runed translucent gate.
348045 | Pan      | Identified the +2 trident "Tinunk" {protect, rPois rN+
                  | Str-4}
348129 | Pan      | Found an exit through the horrors of the Abyss.
348463 | Pan      | Found a huge runed translucent gate.
348464 | Pan      | Found a huge runed translucent gate.
348465 | Pan      | Found a huge runed translucent gate.
348465 | Pan      | Found a huge runed translucent gate.
348466 | Pan      | Found a huge runed translucent gate.
348513 | Pan      | Found a huge runed translucent gate.
348513 | Pan      | Found a huge runed translucent gate.
348514 | Pan      | Found a huge runed translucent gate.
348514 | Pan      | Found a huge runed translucent gate.
348514 | Pan      | Found a huge runed translucent gate.
348514 | Pan      | Found a huge runed translucent gate.
348515 | Pan      | Found a huge runed translucent gate.
348515 | Pan      | Found a huge runed translucent gate.
348515 | Pan      | Found a huge runed translucent gate.
348515 | Pan      | Found a huge runed translucent gate.
348515 | Pan      | Found a huge runed translucent gate.
348516 | Pan      | Noticed Woudiof the pandemonium lord
348542 | Pan      | Killed Woudiof the pandemonium lord
348903 | Pan      | Noticed Qigyn the pandemonium lord
348923 | Pan      | Killed Qigyn the pandemonium lord
349133 | Pan      | Gained Morguth as an ally
349277 | Pan      | Your ally Morguth died
349592 | Pan      | Gained Oreg as an ally
349607 | Pan      | Found an exit through the horrors of the Abyss.
349820 | Pan      | Your ally Oreg died
349950 | Pan      | Noticed Haeculipp the pandemonium lord
349965 | Pan      | Killed Haeculipp the pandemonium lord
350231 | Pan      | Found an exit through the horrors of the Abyss.
350332 | Pan      | Noticed Ilideciu the pandemonium lord
350345 | Pan      | Killed Ilideciu the pandemonium lord
350476 | Pan      | Identified the +1 triple sword "Fuatoag" {pain, rElec}
350743 | Pan      | Identified the +8 dagger of Kedyod {freeze, rN+}
351003 | Depths:2 | Escaped Pandemonium
352084 | Hell     | Learned a level 9 spell: Chain Lightning
352085 | Geh:1    | Entered Level 1 of Gehenna
352115 | Geh:1    | You fall into a shaft and drop 1 floor!
352136 | Geh:2    | Reached skill level 1 in Conjurations
352330 | Geh:2    | Noticed a dread lich
352342 | Geh:2    | Killed a dread lich
352936 | Geh:4    | Reached skill level 5 in Conjurations
353204 | Geh:5    | Noticed an ancient lich
353215 | Geh:5    | Killed an ancient lich
353801 | Geh:7    | Entered Level 7 of Gehenna
354409 | Geh:7    | Gained Bogwik as an ally
354728 | Geh:7    | Your ally Bogwik died
354885 | Geh:7    | Identified the +2 sling of Fuatu {elec, rC- rCorr Str+4}
354915 | Geh:7    | Found the +13 sceptre of Asmodeus
354915 | Geh:7    | Noticed Asmodeus
354923 | Geh:7    | Killed Asmodeus
355108 | Geh:7    | Got an obsidian rune of Zot
355265 | Geh:7    | Identified the +8 orcbow of Resumed Hostilities {speed, rF+
                  | rCorr Dex+4}
355672 | Coc:1    | Entered Level 1 of Cocytus
355680 | Coc:1    | Gained Bogbrand as an ally
355684 | Coc:1    | Your ally Bogbrand died
355710 | Coc:1    | Gained Gorg as an ally
355730 | Coc:1    | Your ally Gorg died
355822 | Coc:1    | Reached skill level 10 in Conjurations
356886 | Coc:6    | Gained Bogbarth as an ally
357207 | Coc:7    | Entered Level 7 of Cocytus
357215 | Coc:7    | Your ally Bogbarth died
357228 | Coc:7    | Reached skill level 15 in Conjurations
357249 | Coc:7    | Gained Wardok as an ally
357276 | Coc:7    | Paralysed by a wendigo for 1 turns
357403 | Coc:7    | Paralysed by a wendigo for 1 turns
357463 | Coc:7    | Paralysed by a wendigo for 1 turns
357551 | Coc:7    | Your ally Wardok died
357613 | Coc:7    | Paralysed by a wendigo for 1 turns
358209 | Coc:7    | Paralysed by a wendigo for 1 turns
358279 | Coc:7    | Paralysed by a wendigo for 1 turns
358308 | Coc:7    | Noticed a dread lich
358318 | Coc:7    | Killed a dread lich
358455 | Coc:7    | Identified the ring of Descent {rElec rPois Int+6}
358455 | Coc:7    | Noticed Antaeus
358470 | Coc:7    | Killed Antaeus
358490 | Coc:7    | Identified the +7 chain mail of Modesty {Harm +Inv}
358494 | Coc:7    | Got an icy rune of Zot
358515 | Coc:7    | Identified the ring "Goub Azu" {rN+ EV+5}
358525 | Coc:7    | Identified the amulet "Vuik" {Faith rElec rF+ Stlth-}
358577 | Coc:7    | Found the +6 Majin-Bo {spellvamp, MP+6 Int+6}
358643 | Coc:7    | Identified the +9 scimitar "Wybuatew" {drain, SInv}
358644 | Coc:7    | Identified the +4 scale mail of Experimentation {rPois
                  | Dex+6}
359520 | Dis:1    | Entered Level 1 of the Iron City of Dis
359520 | Dis:1    | Noticed a juggernaut
359533 | Dis:1    | Killed a juggernaut
359667 | Dis:1    | Noticed an ancient lich
359680 | Dis:1    | Killed an ancient lich
359779 | Dis:1    | Noticed a juggernaut
359803 | Dis:1    | Killed a juggernaut
359869 | Dis:1    | Noticed a dread lich
359884 | Dis:1    | Killed a dread lich
360366 | Dis:3    | Gained Milork as an ally
360369 | Dis:3    | Your ally Milork died
361087 | Dis:5    | You fall into a shaft and drop 1 floor!
361121 | Dis:6    | Gained Boghold as an ally
361323 | Dis:7    | Entered Level 7 of the Iron City of Dis
361459 | Dis:7    | Your ally Boghold died
361646 | Dis:7    | Noticed the Serpent of Hell
361753 | Dis:7    | Killed the Serpent of Hell
362073 | Dis:7    | Gained Boruk as an ally
362126 | Dis:7    | Gained Margrim as an ally
362153 | Dis:7    | Your ally Margrim died
362219 | Dis:7    | Noticed a juggernaut
362234 | Dis:7    | Killed a juggernaut
362266 | Dis:7    | Identified the +2 dagger "Plog" {flame, rElec rN+ Str+3}
362267 | Dis:7    | Identified the staff of Ejochit {^Fragile rF+ Str+6 Dex+5
                  | Fire}
362523 | Dis:7    | Found the ring of the Hare {EV+10}
362530 | Dis:7    | Noticed a juggernaut
362544 | Dis:7    | Killed a juggernaut
362554 | Dis:7    | Identified the +0 scale mail "Miublyot" {rElec rN++ Str+2
                  | Stlth+}
363029 | Dis:7    | Gained Zorug as an ally
363154 | Dis:7    | Your ally Zorug died
363159 | Dis:7    | Your ally Boruk died
363165 | Dis:7    | Gained Wargrak as an ally
363203 | Dis:7    | Your ally Wargrak died
363389 | Dis:7    | Noticed a juggernaut
363392 | Dis:7    | Noticed a dread lich
363463 | Dis:7    | Killed a juggernaut
363707 | Dis:7    | Killed a dread lich
363802 | Dis:7    | Noticed Dispater
363811 | Dis:7    | Killed Dispater
363811 | Dis:7    | Gained Boldo as an ally
363811 | Dis:7    | Gained Thorok as an ally
363916 | Dis:7    | Identified the +6 halberd "Fuawnept" {freeze, *Rage rN+
                  | Int+3}
363920 | Dis:7    | Identified the staff "Viorait" {rC+ Will+ Ice}
363924 | Dis:7    | Got an iron rune of Zot
364494 | Depths:3 | Glimpsed the power of Zot.
364766 | Tar:1    | Entered Level 1 of Tartarus
365641 | Tar:3    | Gained Bogdar as an ally
365743 | Tar:4    | Your ally Bogdar died
365765 | Tar:4    | Gained Wargath as an ally
366229 | Tar:5    | Your ally Wargath died
366747 | Tar:7    | Entered Level 7 of Tartarus
366906 | Tar:7    | Gained Zorug as an ally
366910 | Tar:7    | Your ally Zorug died
366913 | Tar:7    | Gained Ognian as an ally
367498 | Tar:7    | Gained Koronagh as an ally
367675 | Tar:7    | Your ally Ognian died
367994 | Tar:7    | Your ally Koronagh died
368049 | Tar:7    | Identified the +6 quarterstaff of the Skies Above {flame,
                  | Int+2}
368973 | Tar:7    | Noticed Ereshkigal
369015 | Tar:7    | Killed Ereshkigal
369159 | Tar:7    | Got a bone rune of Zot
369161 | Tar:7    | Identified the +0 leather armour of Sophism {Dex+4 Slay-2}
369167 | Tar:7    | Identified the +8 triple crossbow "Budan" {drain, ^Drain
                  | rF+ Str+5 Dex+2}
370370 | Tomb:1   | Entered Level 1 of the Tomb of the Ancients
370584 | Tomb:1   | Reached skill level 27 in Conjurations
370966 | Tomb:1   | Noticed a royal mummy
370979 | Tomb:1   | Reached skill level 27 in Air Magic
370980 | Tomb:1   | Reached skill level 1 in Ice Magic
370982 | Tomb:1   | Killed a royal mummy
371022 | Tomb:1   | Noticed a royal mummy
371023 | Tomb:1   | Gained Brandogh as an ally
371028 | Tomb:1   | Your ally Brandogh died
371038 | Tomb:1   | Killed a royal mummy
371075 | Tomb:1   | Noticed a royal mummy
371095 | Tomb:1   | Killed a royal mummy
371098 | Tomb:1   | Reached skill level 5 in Ice Magic
372489 | Tomb:1   | Learned a level 9 spell: Fire Storm
372513 | Tomb:2   | Noticed a royal mummy
372513 | Tomb:2   | Noticed a royal mummy
372514 | Tomb:2   | Noticed a royal mummy
372515 | Tomb:2   | Noticed a royal mummy
372517 | Tomb:2   | Gained Boghold as an ally
372517 | Tomb:2   | Gained Morguth as an ally
372521 | Tomb:2   | Your ally Boghold died
372525 | Tomb:2   | Killed a royal mummy
372526 | Tomb:2   | Killed a royal mummy
372530 | Tomb:2   | Killed a royal mummy
372531 | Tomb:2   | Killed a royal mummy
372665 | Tomb:2   | Reached skill level 27 in Fire Magic
372973 | Tomb:2   | Learned a level 8 spell: Discord
373118 | Tomb:1   | Noticed a royal mummy
373118 | Tomb:1   | Noticed a royal mummy
373123 | Tomb:1   | Noticed a royal mummy
373123 | Tomb:1   | Noticed a royal mummy
373124 | Tomb:1   | Noticed a royal mummy
373125 | Tomb:1   | Noticed a royal mummy
373128 | Tomb:1   | Killed a royal mummy
373130 | Tomb:1   | Killed a royal mummy
373130 | Tomb:1   | Killed a royal mummy
373131 | Tomb:1   | Noticed a royal mummy
373133 | Tomb:1   | Noticed a royal mummy
373135 | Tomb:1   | Killed a royal mummy
373135 | Tomb:1   | Killed a royal mummy
373136 | Tomb:1   | Noticed a royal mummy
373140 | Tomb:1   | Killed a royal mummy
373140 | Tomb:1   | Killed a royal mummy
373144 | Tomb:1   | Killed a royal mummy
373144 | Tomb:1   | Killed a royal mummy
373149 | Tomb:1   | Noticed a royal mummy
373151 | Tomb:1   | Noticed a royal mummy
373155 | Tomb:1   | Killed a royal mummy
373157 | Tomb:1   | Noticed a royal mummy
373157 | Tomb:1   | Noticed a royal mummy
373157 | Tomb:1   | Noticed a royal mummy
373160 | Tomb:1   | Killed a royal mummy
373166 | Tomb:1   | Noticed a royal mummy
373168 | Tomb:1   | Killed a royal mummy
373169 | Tomb:1   | Noticed a royal mummy
373171 | Tomb:1   | Killed a royal mummy
373174 | Tomb:1   | Killed a royal mummy
373174 | Tomb:1   | Killed a royal mummy
373182 | Tomb:1   | Killed a royal mummy
373192 | Tomb:1   | Noticed a royal mummy
373193 | Tomb:1   | Noticed a royal mummy
373194 | Tomb:1   | Noticed a royal mummy
373194 | Tomb:1   | Noticed a royal mummy
373202 | Tomb:1   | Noticed a royal mummy
373204 | Tomb:1   | Killed a royal mummy
373205 | Tomb:1   | Reached skill level 10 in Ice Magic
373211 | Tomb:1   | Killed a royal mummy
373215 | Tomb:1   | Killed a royal mummy
373222 | Tomb:1   | Killed a royal mummy
373228 | Tomb:1   | Noticed a royal mummy
373229 | Tomb:1   | Noticed a royal mummy
373236 | Tomb:1   | Killed a royal mummy
373246 | Tomb:1   | Killed a royal mummy
373254 | Tomb:1   | Noticed a royal mummy
373258 | Tomb:1   | Killed a royal mummy
373269 | Tomb:1   | Killed a royal mummy
373390 | Tomb:1   | Noticed a royal mummy
373403 | Tomb:1   | Killed a royal mummy
373632 | Tomb:2   | Identified the +1 morningstar "Moaxiugam" {vamp, Will+
                  | Str+3}
373668 | Tomb:2   | Identified the +3 sling of Dishonesty {heavy, rN+ Int+2
                  | Stlth-}
373678 | Tomb:2   | Gained Learuk as an ally
374290 | Tomb:3   | Entered Level 3 of the Tomb of the Ancients
374306 | Tomb:3   | Noticed a royal mummy
374315 | Tomb:3   | Killed a royal mummy
374316 | Tomb:3   | Noticed a royal mummy
374323 | Tomb:3   | Killed a royal mummy
374327 | Tomb:3   | Noticed a royal mummy
374330 | Tomb:3   | Gained Warrok as an ally
374333 | Tomb:3   | Your ally Warrok died
374337 | Tomb:3   | Gained Nordag as an ally
374340 | Tomb:3   | Noticed a royal mummy
374344 | Tomb:3   | Your ally Nordag died
374346 | Tomb:3   | Killed a royal mummy
374351 | Tomb:3   | Noticed a royal mummy
374352 | Tomb:3   | Noticed a royal mummy
374358 | Tomb:3   | Killed a royal mummy
374359 | Tomb:3   | Reached skill level 15 in Ice Magic
374362 | Tomb:3   | Killed a royal mummy
374366 | Tomb:3   | Killed a royal mummy
374379 | Tomb:3   | Noticed a royal mummy
374380 | Tomb:3   | Noticed a royal mummy
374385 | Tomb:3   | Noticed a royal mummy
374394 | Tomb:3   | Killed a royal mummy
374406 | Tomb:3   | Killed a royal mummy
374410 | Tomb:3   | Killed a royal mummy
374576 | Tomb:3   | Found the +8 Wrath of Trog {antimagic, *Rage Rampage}
374576 | Tomb:3   | Found the +10 dark maul {heavy}
374609 | Tomb:3   | Identified the +4 war axe of Suvet {freeze, rPois}
374614 | Tomb:3   | Identified the +0 cloak "Ysyuniruu" {rC+ MP+9 Int+3 Dex-2}
374615 | Tomb:3   | Identified the ring "Xuyl" {Dex+6 Stlth+}
374619 | Tomb:3   | Identified the ring of Huomiuno {rPois MP-9 Str+6 Slay+2}
374647 | Tomb:3   | Identified the ring of Cukkep {rF++ Will- EV+5}
374911 | Tomb:3   | Got a golden rune of Zot
375512 | Vaults:4 | Learned a level 9 spell: Polar Vortex
375517 | Zig:1    | Entered Level 1 of a ziggurat
375538 | Zig:2    | Entered Level 2 of a ziggurat
375604 | Zig:3    | Entered Level 3 of a ziggurat
375640 | Zig:4    | Entered Level 4 of a ziggurat
375674 | Zig:5    | Entered Level 5 of a ziggurat
375678 | Zig:5    | Found the +10 tower shield of Ignorance {rN+ Int-4}
375732 | Zig:6    | Entered Level 6 of a ziggurat
375745 | Zig:6    | Noticed an ancient lich
375765 | Zig:6    | Killed an ancient lich
375796 | Zig:7    | Entered Level 7 of a ziggurat
375803 | Zig:7    | Noticed Imiuz the pandemonium lord
375840 | Zig:7    | Killed Imiuz the pandemonium lord
375868 | Zig:7    | Identified the +5 sling "Transmigrator" {drain, rElec
                  | Will+}
375882 | Zig:8    | Entered Level 8 of a ziggurat
375966 | Zig:8    | Identified the ring of the Quahog {EV+5 Str+4 Dex+2 SInv
                  | Stlth-}
375968 | Zig:8    | Identified the staff of Reapportionment {rPois rF+ Int-5
                  | Earth Alchemy}
375975 | Zig:8    | Identified the ring of Destukan {rElec rPois Stlth+}
376016 | Zig:9    | Entered Level 9 of a ziggurat
376084 | Zig:10   | Entered Level 10 of a ziggurat
376208 | Zig:10   | Identified the +1 halberd of the Swamp {freeze, *Corrode
                  | Fly rElec rPois}
376214 | Zig:10   | Identified the staff "Lopeij" {Fly rF++ rC+ Str-3 Conj Ice
                  | Alchemy}
376230 | Zig:11   | Entered Level 11 of a ziggurat
376239 | Zig:11   | Noticed a juggernaut
376239 | Zig:11   | Found the +8 trishula "Condemnation" {holy, anguish, *Noise
                  | Fly rN+}
376240 | Zig:11   | Noticed a juggernaut
376241 | Zig:11   | Noticed a juggernaut
376245 | Zig:11   | Killed a juggernaut
376246 | Zig:11   | Killed a juggernaut
376246 | Zig:11   | Killed a juggernaut
376283 | Zig:11   | Identified the staff of the Kidney {rF+ Hexes Fire Ice}
376291 | Zig:11   | Identified the +1 leather armour of Peaw {rPois rC+ Will+
                  | SInv}
376304 | Zig:12   | Entered Level 12 of a ziggurat
376366 | Zig:12   | Identified the +6 long sword "Suivamm" {freeze, Int+4
                  | Stlth+}
376381 | Zig:13   | Entered Level 13 of a ziggurat
376460 | Zig:13   | Identified the +0 robe of Tartarus {rC+}
376475 | Zig:13   | Identified the amulet "Saxkec" {Spirit rPois MP+9 Int+3}
376479 | Zig:14   | Entered Level 14 of a ziggurat
376573 | Zig:14   | Identified the scarf "Aschaul" {repulsion, rC- Regen+ Str+8
                  | Dex-5}
376575 | Zig:14   | Identified the +9 great sword of Kuidwucs {elec, Int+3}
376579 | Zig:14   | Identified the staff of Ragnarok {*Corrode rElec rN++ Summ
                  | Air Alchemy}
376581 | Zig:14   | Identified the +2 leather armour of Bariv {rCorr}
376583 | Zig:14   | Identified the staff "Xafoegax" {rPois rC++ rN++ Int-2
                  | Alchemy}
376626 | Zig:15   | Entered Level 15 of a ziggurat
376631 | Zig:15   | Noticed a royal mummy
376632 | Zig:15   | Noticed a royal mummy
376634 | Zig:15   | Noticed a royal mummy
376634 | Zig:15   | Noticed a royal mummy
376640 | Zig:15   | Gained Bogbrand as an ally
376643 | Zig:15   | Killed a royal mummy
376643 | Zig:15   | Noticed a royal mummy
376644 | Zig:15   | Killed a royal mummy
376647 | Zig:15   | Killed a royal mummy
376648 | Zig:15   | Killed a royal mummy
376648 | Zig:15   | Killed a royal mummy
376792 | Zig:15   | Identified the amulet of Greed {Reflect Regen+ Dex+3 SH+5}
376804 | Zig:15   | Identified the +7 great sword "Dequzaag" {venom, Str+3}
376843 | Zig:16   | Entered Level 16 of a ziggurat
376853 | Zig:16   | Found the +3 giant club "Skullcrusher" {speed, Str+7}
376856 | Zig:16   | Gained Zartorak as an ally
376898 | Zig:16   | Identified the +8 sling of a wizard's laboratory {drain,
                  | Dex+2}
376949 | Zig:17   | Entered Level 17 of a ziggurat
377052 | Zig:17   | Identified the ring "Wovuko" {rElec rF+ rC- Will++ Dex-5}
377054 | Zig:17   | Identified the +6 shortbow of Somewhere Else {speed,
                  | ^Fragile Will+ Dex+8 Stlth+}
377062 | Zig:17   | Identified the ring "Ubovet" {Ice MP+9 Int+2 Dex-3}
377074 | Zig:17   | Identified the +6 scale mail of Spite {rPois rC++ rN+
                  | Str-5}
377084 | Zig:17   | Identified the +1 scale mail of Love and Death {rPois
                  | Will+}
377147 | Zig:18   | Entered Level 18 of a ziggurat
377170 | Zig:18   | Gained Geork as an ally
377194 | Zig:18   | Identified the +4 scale mail "Uddyacag" {rF+ rN+}
377204 | Zig:18   | Identified the +0 morningstar "Eciklil" {drain, *Corrode
                  | rN+ Int+4}
377205 | Zig:18   | Identified the +9 arbalest of Jotheel {elec, Int+3}
377207 | Zig:18   | Identified the +9 morningstar of Boufaom {heavy, +Blink
                  | Str+3}
377214 | Zig:18   | Identified the +6 halberd of Desertification {freeze, Will+
                  | rCorr Stlth+}
377250 | Zig:19   | Entered Level 19 of a ziggurat
377328 | Zig:19   | Identified the +7 sling of Absolution {antimagic, rPois
                  | Str+6}
377334 | Zig:19   | Identified the +4 plate armour of Nilung {rPois rF- rN+
                  | Str+5}
377359 | Zig:20   | Entered Level 20 of a ziggurat
377371 | Zig:20   | Gained Ortolf as an ally
377371 | Zig:20   | Gained Warbeogh as an ally
377373 | Zig:20   | Gained Wardok as an ally
377377 | Zig:20   | Gained Wardok as an ally
377379 | Zig:20   | Found the ring of the Mage {Wiz Archmagi}
377400 | Zig:20   | Identified the +10 orcbow "Xoawidwau" {drain, rF+ Str-5
                  | Int-2 Dex+3}
377410 | Zig:20   | Identified the ring of the Skies Above {Int+6 Dex+3}
377411 | Zig:20   | Identified the +1 mace of Teamelof {protect, rN+ Dex+7}
377412 | Zig:20   | Identified the +0 helmet of the Black Moon {rElec}
377428 | Zig:20   | Identified the +9 short sword "Grim" {flame, rC+}
377507 | Zig:21   | Entered Level 21 of a ziggurat
377530 | Zig:21   | Noticed Lakheyko the pandemonium lord
377536 | Zig:21   | Killed Lakheyko the pandemonium lord
377537 | Zig:21   | Reached skill level 27 in Ice Magic
377549 | Zig:21   | Reached skill level 5 in Earth Magic
377550 | Zig:21   | Gained Morbeogh as an ally
377804 | Zig:21   | Identified the +1 cloak "Rumputz" {rPois Will- Str-4
                  | Stlth+}
377822 | Zig:21   | Identified the ring "Daot Iqu" {rElec rF- rC+ MP+9 Str+4}
377898 | Zig:22   | Entered Level 22 of a ziggurat
377913 | Zig:22   | Noticed an orb of fire
377913 | Zig:22   | Noticed an orb of fire
377913 | Zig:22   | Noticed an orb of fire
377914 | Zig:22   | Noticed an orb of fire
377917 | Zig:22   | Noticed an orb of fire
377917 | Zig:22   | Noticed an orb of fire
377919 | Zig:22   | Killed an orb of fire
377919 | Zig:22   | Killed an orb of fire
377920 | Zig:22   | Killed an orb of fire
377921 | Zig:22   | Reached skill level 10 in Earth Magic
377921 | Zig:22   | Killed an orb of fire
377921 | Zig:22   | Killed an orb of fire
377928 | Zig:22   | Killed an orb of fire
378062 | Zig:22   | Identified the +2 dagger "Allesem" {flame, rC+}
378066 | Zig:22   | Identified the ring of Sunlight {Ice Int+3}
378069 | Zig:22   | Identified the +4 dire flail of Yppior {freeze, *Slow rN+
                  | Will+ Int+3}
378076 | Zig:22   | Identified the +0 buckler "Peggiloa" {rC- Str+3 Int+4}
378133 | Zig:22   | Acquired the +0 helmet of a Gauntlet {rC- Will+ Int+3}
378138 | Zig:22   | Identified the +0 barding of the Eternal Fruit {SInv}
378155 | Zig:23   | Entered Level 23 of a ziggurat
378161 | Zig:23   | Noticed a royal mummy
378161 | Zig:23   | Noticed a royal mummy
378163 | Zig:23   | Noticed a royal mummy
378165 | Zig:23   | Noticed a royal mummy
378166 | Zig:23   | Killed a royal mummy
378166 | Zig:23   | Killed a royal mummy
378166 | Zig:23   | Gained Arbeogh as an ally
378166 | Zig:23   | Noticed a royal mummy
378166 | Zig:23   | Noticed a royal mummy
378169 | Zig:23   | Noticed a royal mummy
378169 | Zig:23   | Noticed a royal mummy
378170 | Zig:23   | Killed a royal mummy
378171 | Zig:23   | Noticed a royal mummy
378172 | Zig:23   | Your ally Arbeogh died
378173 | Zig:23   | Killed a royal mummy
378173 | Zig:23   | Killed a royal mummy
378173 | Zig:23   | Gained Gorbash as an ally
378173 | Zig:23   | Killed a royal mummy
378173 | Zig:23   | Noticed a royal mummy
378173 | Zig:23   | Killed a royal mummy
378175 | Zig:23   | Killed a royal mummy
378176 | Zig:23   | Killed a royal mummy
378179 | Zig:23   | Killed a royal mummy
378266 | Zig:23   | Identified the ring of Paumn {rC+ EV+5 Dex+5 Slay+2}
378271 | Zig:23   | Identified the +0 ring mail of Zoogapec {Dex+2}
378341 | Zig:24   | Entered Level 24 of a ziggurat
378515 | Zig:24   | Identified the staff "Badis" {rElec rF+ Int+4 Fire}
378529 | Zig:24   | Identified the staff of False Hope {rPois rF+ rC- Int+4
                  | SInv Fire}
378570 | Zig:24   | Reached skill level 15 in Earth Magic
378583 | Zig:25   | Entered Level 25 of a ziggurat
378590 | Zig:25   | Noticed Lilofer the pandemonium lord
378592 | Zig:25   | Noticed Rumajies the pandemonium lord
378593 | Zig:25   | Noticed Meleis the pandemonium lord
378593 | Zig:25   | Noticed Heamuy the pandemonium lord
378593 | Zig:25   | Noticed Zofomyt the pandemonium lord
378593 | Zig:25   | Noticed Hiddezad the pandemonium lord
378594 | Zig:25   | Noticed Cuewak the pandemonium lord
378595 | Zig:25   | Noticed Zosoaguu the pandemonium lord
378595 | Zig:25   | Noticed Igamit the pandemonium lord
378596 | Zig:25   | Noticed Raeniun the pandemonium lord
378597 | Zig:25   | Noticed Ywuabaiw the pandemonium lord
378597 | Zig:25   | Noticed Xeacier the pandemonium lord
378598 | Zig:25   | Noticed Bihyjihe the pandemonium lord
378599 | Zig:25   | Noticed Terghap the pandemonium lord
378602 | Zig:25   | Noticed Yneir the pandemonium lord
378605 | Zig:25   | Noticed Xicuw the pandemonium lord
378612 | Zig:25   | Killed Meleis the pandemonium lord
378614 | Zig:25   | Killed Xeacier the pandemonium lord
378614 | Zig:25   | Killed Hiddezad the pandemonium lord
378614 | Zig:25   | Killed Ywuabaiw the pandemonium lord
378614 | Zig:25   | Gained Arbolt as an ally
378615 | Zig:25   | Killed Raeniun the pandemonium lord
378616 | Zig:25   | Killed Cuewak the pandemonium lord
378616 | Zig:25   | Killed Zosoaguu the pandemonium lord
378616 | Zig:25   | Killed Lilofer the pandemonium lord
378616 | Zig:25   | Killed Zofomyt the pandemonium lord
378617 | Zig:25   | Killed Rumajies the pandemonium lord
378618 | Zig:25   | Killed Yneir the pandemonium lord
378618 | Zig:25   | Killed Igamit the pandemonium lord
378619 | Zig:25   | Killed Heamuy the pandemonium lord
378619 | Zig:25   | Killed Terghap the pandemonium lord
378620 | Zig:25   | Noticed Bacveq the pandemonium lord
378621 | Zig:25   | Noticed Toukhlasm the pandemonium lord
378622 | Zig:25   | Killed Xicuw the pandemonium lord
378627 | Zig:25   | Killed Bihyjihe the pandemonium lord
378636 | Zig:25   | Killed Toukhlasm the pandemonium lord
378648 | Zig:25   | Killed Bacveq the pandemonium lord
378653 | Zig:25   | Found the amulet of the Air {Inacc Air Fly rElec RMsl}
378697 | Zig:25   | Identified the amulet "Utasyruw" {rElec Regen+}
378704 | Zig:25   | Identified the +3 trident "Teiq" {vamp, rN++ Will- Dex+6}
378712 | Zig:25   | Identified the +7 flail "Pendulum" {flame, rN+ rCorr Str+3
                  | Int+3}
378789 | Zig:25   | Lost mutation: Your flesh is cold resistant. (rC+) [potion
                  | of mutation]
378789 | Zig:25   | Gained mutation: You are robust. (+10% HP) [potion of
                  | mutation]
378790 | Zig:25   | Lost mutation: You are robust. (+10% HP) [potion of
                  | mutation]
378790 | Zig:25   | Gained mutation: You are occasionally teleported next to
                  | monsters. [potion of mutation]
378791 | Zig:25   | Lost mutation: You are occasionally teleported next to
                  | monsters. [potion of mutation]
378791 | Zig:25   | Gained mutation: You have sharp toenails. [potion of
                  | mutation]
378791 | Zig:25   | Gained mutation: You are somewhat resistant to further
                  | mutation. [potion of mutation]
378792 | Zig:25   | Lost mutation: You have sharp toenails. [potion of
                  | mutation]
378792 | Zig:25   | Lost mutation: You are somewhat resistant to further
                  | mutation. [potion of mutation]
378792 | Zig:25   | Gained mutation: You are agile. (Dex +4, Str/Int -1)
                  | [potion of mutation]
378792 | Zig:25   | Gained mutation: You occasionally lose the ability to read
                  | scrolls when taking damage. [potion of mutation]
378792 | Zig:25   | Gained mutation: You have an increased reservoir of magic.
                  | (+10% MP) [potion of mutation]
378793 | Zig:25   | Lost mutation: You have an increased reservoir of magic.
                  | (+10% MP) [potion of mutation]
378793 | Zig:25   | Lost mutation: You are agile. (Dex +4, Str/Int -1) [potion
                  | of mutation]
378793 | Zig:25   | Lost mutation: You occasionally lose the ability to read
                  | scrolls when taking damage. [potion of mutation]
378793 | Zig:25   | Gained mutation: You occasionally shout uncontrollably at
                  | your foes. [potion of mutation]
378793 | Zig:25   | Gained mutation: You are occasionally teleported next to
                  | monsters. [potion of mutation]
378793 | Zig:25   | Gained mutation: You do not regenerate when monsters are
                  | visible. [potion of mutation]
378794 | Zig:25   | Lost mutation: You do not regenerate when monsters are
                  | visible. [potion of mutation]
378794 | Zig:25   | Lost mutation: You are occasionally teleported next to
                  | monsters. [potion of mutation]
378794 | Zig:25   | Lost mutation: You occasionally shout uncontrollably at
                  | your foes. [potion of mutation]
378794 | Zig:25   | Gained mutation: Your mind is acute. (Int +4, Str/Dex -1)
                  | [potion of mutation]
378795 | Zig:25   | Lost mutation: Your mind is acute. (Int +4, Str/Dex -1)
                  | [potion of mutation]
378795 | Zig:25   | Gained mutation: You occasionally lose the ability to drink
                  | potions when taking damage. [potion of mutation]
378795 | Zig:25   | Gained mutation: You expend magic power (3 MP) to
                  | strengthen your wands. [potion of mutation]
378795 | Zig:25   | Gained mutation: Potions are less effective at restoring
                  | your health. [potion of mutation]
378795 | Zig:25   | Gained mutation: Your muscles are strong. (Str +4, Int/Dex
                  | -1) [potion of mutation]
378796 | Zig:25   | Lost mutation: You expend magic power (3 MP) to strengthen
                  | your wands. [potion of mutation]
378796 | Zig:25   | Lost mutation: You occasionally lose the ability to drink
                  | potions when taking damage. [potion of mutation]
378796 | Zig:25   | Lost mutation: Your muscles are strong. (Str +4, Int/Dex
                  | -1) [potion of mutation]
378796 | Zig:25   | Gained mutation: Your spells are a little easier to cast,
                  | but a little less powerful. [potion of mutation]
378796 | Zig:25   | Gained mutation: You are resistant to electric shocks.
                  | (rElec) [potion of mutation]
378797 | Zig:25   | Lost mutation: Potions are less effective at restoring your
                  | health. [potion of mutation]
378797 | Zig:25   | Lost mutation: You are resistant to electric shocks.
                  | (rElec) [potion of mutation]
378797 | Zig:25   | Lost mutation: Your spells are a little easier to cast, but
                  | a little less powerful. [potion of mutation]
378797 | Zig:25   | Gained mutation: Your spells are a little harder to cast,
                  | but a little more powerful. [potion of mutation]
378797 | Zig:25   | Gained mutation: Your magical capacity is low. (-10% MP)
                  | [potion of mutation]
378798 | Zig:25   | Lost mutation: Your spells are a little harder to cast, but
                  | a little more powerful. [potion of mutation]
378798 | Zig:25   | Lost mutation: Your magical capacity is low. (-10% MP)
                  | [potion of mutation]
378798 | Zig:25   | Gained mutation: You expend magic power (3 MP) to
                  | strengthen your wands. [potion of mutation]
378798 | Zig:25   | Lost mutation: You expend magic power (3 MP) to strengthen
                  | your wands. [potion of mutation]
378799 | Zig:25   | Gained mutation: You occasionally shout uncontrollably at
                  | your foes. [potion of mutation]
378799 | Zig:25   | Gained mutation: You have sharp toenails. [potion of
                  | mutation]
378799 | Zig:25   | Gained mutation: You have razor-sharp toenails. [potion of
                  | mutation]
378800 | Zig:25   | Lost mutation: You have razor-sharp toenails. [potion of
                  | mutation]
378800 | Zig:25   | Lost mutation: You have sharp toenails. [potion of
                  | mutation]
378800 | Zig:25   | Gained mutation: You are frail. (-10% HP) [potion of
                  | mutation]
378800 | Zig:25   | Lost mutation: You occasionally shout uncontrollably at
                  | your foes. [potion of mutation]
378800 | Zig:25   | Gained mutation: Your flesh is cold resistant. (rC+)
                  | [potion of mutation]
378801 | Zig:25   | Lost mutation: Your flesh is cold resistant. (rC+) [potion
                  | of mutation]
378801 | Zig:25   | Lost mutation: You are frail. (-10% HP) [potion of
                  | mutation]
378801 | Zig:25   | Gained mutation: You are frail. (-10% HP) [potion of
                  | mutation]
378802 | Zig:25   | Lost mutation: You are frail. (-10% HP) [potion of
                  | mutation]
378802 | Zig:25   | Gained mutation: Your flesh is cold resistant. (rC+)
                  | [potion of mutation]
378802 | Zig:25   | Gained mutation: You are somewhat resistant to further
                  | mutation. [potion of mutation]
378824 | Zig:26   | Entered Level 26 of a ziggurat
378864 | Zig:26   | Gained Bogbrand as an ally
378867 | Zig:26   | Your ally Bogbrand died
378873 | Zig:26   | Gained Argrim as an ally
378875 | Zig:26   | Found the +2 Maxwell's thermic engine {flame, freeze, rev}
378996 | Zig:26   | Identified the +1 war axe of Discord {drain, rPois rC++
                  | Str-3 Dex+3}
379000 | Zig:26   | Identified the +5 hand axe of Demonkind {drain, Str+6}
379056 | Zig:26   | Acquired a manual of Translocations
379066 | Zig:26   | Acquired a manual of Translocations
379102 | Zig:27   | Entered Level 27 of a ziggurat
379279 | Zig:27   | Identified the ring of Qehoug {rElec rF+ rC+ Int+4 Slay-3}
379282 | Zig:27   | Identified the +2 rapier of Understanding {flame, rPois
                  | Int+2 Stlth-}
379283 | Zig:27   | Identified the ring "Neravux" {rC+ Str+6 Int+2}
379288 | Zig:27   | Identified the amulet "Vurafa" {Faith rCorr}
379291 | Zig:27   | Identified the +4 ring mail "Xoemaotu" {Dex+2}
379293 | Zig:27   | Identified the +0 ring mail of Laovut {Dex+2}
379301 | Zig:27   | Identified the +0 ring mail of Amelioration {Stlth+}
379304 | Zig:27   | Identified the ring of Xaaris Qamau {^Contam Str+2 Int+7
                  | Slay+3 SInv}
379310 | Zig:27   | Identified the ring "Lila" {rN+ Dex+5}
379898 | Zot:5    | Got the Orb of Zot
380016 | Zot:4    | Noticed Igewnu Taenk the pandemonium lord
380031 | Zot:4    | Killed Igewnu Taenk the pandemonium lord
380733 | D:1      | Noticed Usuco the pandemonium lord
380744 | D:1      | Killed Usuco the pandemonium lord
380918 | D:$      | Escaped with the Orb!

Illustrated notes

Levels and vault maps discovered:
D:1:      nicolae_arrival_memento_mori, layout_basic
D:2:      layout_basic, basic_altar
D:3:      layout_loops_ring, general_overflow_altar,
          gammafunk_ghost_abyssal_escape
D:4:      layout_loops_corners, old_standard_altar
D:5:      layout_rooms, amcnicky_altar_gilded, chequers_serial_rivers_small_a,
          uniq_eustachio, uniq_crazy_yiuf_cottage
D:6:      layout_basic, minmay_temple_entry_purple_smoke, portal_sewer_entry_d
D:7:      nzn_winding_woodlands_large [nzn_winding_woodlands_hourglass,
          nzn_winding_woodlands_5x15_jagged,
          nzn_winding_woodlands_5x5_checkerboard,
          nzn_winding_woodlands_center_garden,
          nzn_winding_woodlands_15x15_five_gardens,
          nzn_winding_woodlands_center_triple_pond,
          nzn_winding_woodlands_5x5_closed_star,
          nzn_winding_woodlands_5x15_sawtooth, nzn_winding_woodlands_5x5_cross],
          layout_loops_cross, serial_shops, nicolae_shop_dealshenge,
          uniq_maurice, uniq_maggie, uniq_pikel
D:8:      layout_basic, minmay_radiant
D:9:      layout_grid_maze, chequers_temple_overflow_statue_of_worship,
          cheibrodos_worm_habitat, lemuel_doored_altar, dpeg_oklobed_lair,
          nicolae_lava_and_water, billiards_dpeg
D:10:     minmay_four_partial_circles, layout_loops_ring,
          mainiacjoe_overflow_24_doors, serial_bayou_pond_d
D:11:     layout_cave_pools, serial_shops, nicolae_shop_crystal,
          portal_ice_cave_entry_ice_simulacra
D:12:     layout_basic, enter_trove_1
D:13:     layout_cave_pods, david_vaults_4
D:14:     layout_basic, kennysheep_small_spiral
D:15:     gammafunk_enter_depths_forms, layout_gridville,
          chequers_serial_rivers_micro_a, uniq_josephine, uniq_agnes
Temple:   cyrus_circular_temple
Lair:1:   layout_regular_city, basic_altar, gauntlet_entry_generic
Lair:2:   layout_long_grid, minmay_shoals_entry_hut, spider_nest_entry_webs,
          gammafunk_lair_bear_cave, uniq_amaemon
Lair:3:   layout_chaotic_city, serial_rivers, chequers_serial_rivers_small_b,
          chequers_serial_rivers_small_3, chequers_serial_rivers_small_b,
          chequers_serial_rivers_small_3, chequers_serial_rivers_micro_c,
          nicolae_lair_grazing_beasts [nicolae_sub_lair_graze_edge,
          nicolae_sub_lair_graze_edge, nicolae_sub_lair_graze_edge,
          nicolae_sub_lair_graze_edge]
Lair:4:   wander_river, layout_gridlike, slime_entry_2
Lair:5:   guppyfry_lair_end_dragon, layout_cave_pods, grunt_megastairs_2
Shoals:1: layout_shoals
Shoals:2: layout_shoals, nicolae_shoals_hunting_party, uniq_ilsuiw, uniq_donald
Shoals:3: layout_shoals, uniq_nikola
Shoals:4: shoals_end_hellmonk_holy_island
Spider:1: layout_spider_delve, hellmonk_deceptive_appearances
Spider:2: layout_spider_delve
Spider:3: layout_spider_delve, nicolae_spider_paper_wasps, uniq_asterion
Spider:4: grunt_spider_rune_island, guppyfry_hornet_nest
Slime:1:  layout_caves
Slime:2:  layout_caves, basic_altar
Slime:3:  layout_caves, cheibrodos_slime_lost_civilization_6
Slime:4:  layout_caves, basic_altar
Slime:5:  slime_pit
Orc:1:    layout_diamond_mine, serial_shops, shop_statue, minmay_orc_temple_b,
          uniq_fannar
Orc:2:    grunt_orc_community_town_hall, layout_caves,
          grunt_orc_community_big_house_2, grunt_orc_community_big_house_2,
          grunt_orc_community_house_1, grunt_orc_community_house_3,
          grunt_orc_community_house_2, grunt_orc_community_house_2,
          grunt_orc_community_house_1, nicolae_volcano_entry_lava_flow
Elf:1:    eino_elf_arrival_the_gate, layout_gridlike, nicolae_elf_crossing_hall,
          minmay_shoptagon
Elf:2:    elven_hall_of_blades_hangedman_original [nooodl_blade_entry_preview],
          layout_loops_cross, uniq_louise, uniq_norris, uniq_roxanne
Elf:3:    minmay_elf_hall_golems, layout_geoelf_octagon, serial_shops,
          nicolae_shop_real_fake_doors
Vaults:1: nicolae_vaults_diamond_1, nicolae_vaults_trapezoid_lopsided_2,
          nicolae_vaults_sealed_display,
          vaults_standard_mumra_enter_the_diamond,
          ontoclasm_vaults_claustrophobia, nicolae_vaults_little_squares_3,
          nicolae_vaults_specimen_jars, nicolae_vaults_tetromino_L_2,
          vaults_room_pool, layout_vaults_chaotic_city
Vaults:2: hangedman_vaults_trim, nicolae_vaults_trapezoid_3, v_pattern_3,
          nicolae_vaults_oval_intersection, nicolae_vaults_ring_of_whatevers,
          nicolae_vaults_variable_pillar_hall, nicolae_vaults_little_squares_6,
          nicolae_vaults_surprise_closet, nicolae_vaults_circle_grid_a,
          nicolae_vaults_more_shelving_1, nicolae_vaults_surprise_closet,
          layout_vaults_quadrants, serial_shops, shop, shop,
          nicolae_shop_pleasant_corner_grove, nicolae_shop_peninsula,
          uniq_margery, uniq_saint_roka
Vaults:3: nicolae_vaults_mini_display_case, nicolae_vaults_trapezoid_4,
          nicolae_vaults_circle_grid_b, minmay_crypt_entry_simple_walls,
          vaults_mumra_hexcomb, v_misc_19, hangedman_vaults_nodes,
          v_alt_pattern_4, v_misc_17, nicolae_vaults_alarming, vaults_dpeg_ring,
          nicolae_vaults_trapezoid_2, layout_vaults_omnicross
Vaults:4: vaults_standard_mumra_lines, v_alt_pattern_6,
          nicolae_vaults_disjoint_gnomons, nicolae_vaults_turnstiles,
          nicolae_vaults_house_1, hangedman_vaults_snaps,
          vaults_room_hangedman_quadrants, vaults_dpeg_encased_lava,
          nicolae_vaults_tetromino_L_2, minmay_orc_keep, layout_vaults_maze,
          uniq_frederick
Vaults:5: serial_shops
Crypt:1:  gammafunk_the_bubble [the_bubble_gammafunk_split],
          layout_misc_corridors, grunt_crypt_arrival_guarded_gate
Crypt:2:  layout_chaotic_city, roderic_lattice_octagonal_star
Crypt:3:  church_of_pain_bobbens, layout_chaotic_city,
          nicolae_tomb_entry_rubble_hallway, basic_altar,
          nicolae_crypt_knee_deep_in_the_dead, uniq_bai_suzhen
Tomb:1
Tomb:2
Tomb:3
Depths:1: minmay_ambush_box, layout_cave_pools, enter_ziggurat_e,
          pf_coc_iceberg, st_stairs_14, minivault_16
Depths:2: evilmike_diamond_2, layout_small_grid, nicolae_gozag_seed_capital,
          hellmouth_1, pan_entry, tgw_lugonu_bribe, infiniplex_staircase_pool_1,
          uniq_josephina
Depths:3: radiant_caverns_b_rkd, hell_entry, abyss_entry
Depths:4: evilmike_zot_entry_hall, layout_cave_shapes, minmay_misc_feat_hallway,
          hell_entry, rand_demon_pan_entry_3
Hell
Dis:1:    hangedman_iron_city_apartments
Dis:2:    layout_regular_city
Dis:3:    layout_subdivisions
Dis:4:    layout_jigsaw, nicolae_dis_fourth_circle
Dis:5:    layout_gridville
Dis:6:    layout_jigsaw
Dis:7:    dis_hangedman
Geh:1:    layout_gehenna_pools_triple
Geh:2:    layout_gehenna_pools_triple
Geh:3:    layout_gehenna_lava_caves
Geh:4:    layout_gehenna_lava_caves
Geh:5:    layout_gehenna_lava_caves
Geh:6:    layout_gehenna_pools_box
Geh:7:    geh_grunt
Coc:1:    nicolae_hells_demon_pit, layout_ice_bergs, serial_ice, serial_ice_b,
          serial_ice_h, serial_ice_n
Coc:2:    layout_ice_bergs
Coc:3:    layout_ice_bergs
Coc:4:    layout_cocytus_water_paths
Coc:5:    hangedman_mysterious_dungeon_monster_house
Coc:6:    layout_ice_bergs
Coc:7:    coc_grunt_cove [coc_grunt_cove_antaeus, coc_grunt_cove_fiend,
          coc_grunt_cove_fiend, coc_grunt_cove_fiend, coc_grunt_cove_fiend]
Tar:1:    layout_catacombs, nicolae_tar_cuneiform_sun, lemuel_nasty_pond
Tar:2:    layout_honeycomb
Tar:3:    layout_honeycomb, lemuel_nasty_fountain
Tar:4:    layout_honeycomb
Tar:5:    layout_catacombs, nicolae_tar_cuneiform_bird
Tar:6:    nicolae_tar_fifth_circle, layout_cathedral_of_symmetry
Tar:7:    tar_minmay_river
Zot:1:    cheibrodos_zot_enchanting_chambers, layout_gridlike,
          hangedman_zot_decor_checkerboard
Zot:2:    hangedman_snap_crack_crunch, layout_cathedral_of_symmetry,
          skrybe_zot_glass_3
Zot:3:    layout_cathedral_of_symmetry, grunt_megastairs_3
Zot:4:    layout_gridlike, skrybe_zot_glass_2,
          regret_index_zotdec_twisting_globes
Zot:5:    layout_misc_corridors, grunt_ministairs_10

Skill      XL: |  1  2  3  4  5  6  7  8  9 10 11 12 13 14 15 16 17 18 19 20 21 22 23 24 25 26 27 |
---------------+----------------------------------------------------------------------------------+-----
Fighting       | 4 5 6 7 8 10 12 14 16 17 19 21 22 23 24 25 26 27 | 27.0
Axes           | 5 6 7 9 11 13 15 17 19 | 19.7
Armour         | 7 8 9 10 13 15 16 18 20 21 23 27 | 27.0
Invocations    | 7 11 12 13 16 18 20 22 23 25 27 | 27.0
Shields        | 5 9 10 12 15 17 18 22 27 | 27.0
Evocations     | 5 15 | 15.0
Shapeshifting  | 24 | 24.0
Spellcasting   | 27 | 27.0
Necromancy     | 26 | 26.1
Translocations | 13 | 13.1
Summonings     | 27 | 27.0
Dodging        | 17 | 17.0
Fire Magic     | 27 | 27.0
Hexes          | 25 | 25.2
Air Magic      | 27 | 27.0
Conjurations   | 27 | 27.0
Ice Magic      | 27 | 27.0
Earth Magic    | 22 | 22.2

Action                     |  1- 3 |  4- 6 |  7- 9 | 10-12 | 13-15 | 16-18 | 19-21 | 22-24 | 25-27 || total
---------------------------+-------+-------+-------+-------+-------+-------+-------+-------+-------++-------
  Melee: Hand axe          |    31 |       |    74 |   189 |       |       |       |       |       ||   294
         Dagger            |    26 |       |       |       |       |       |       |       |       ||    26
         Mace              |     5 |    47 |   147 |       |       |       |       |       |       ||   199
         War axe           |       |       |       |   139 |   775 |     9 |       |       |       ||   923
         Broad axe         |       |       |       |       |       |    69 |  1103 |  1805 | 27044 || 30021
         Spear             |       |       |       |       |       |       |    10 |     9 |    74 ||    93
         Headbutt          |       |       |       |       |       |       |       |       |   193 ||   193
  Throw: Dart              |       |       |       |     4 |       |     4 |       |       |       ||     8
         Javelin           |       |       |       |     2 |       |       |       |       |       ||     2
   Cast: Ignition          |       |       |       |       |       |       |       |       |   112 ||   112
         Death Channel     |       |       |       |       |       |       |       |       |    54 ||    54
         Dragon's Call     |       |       |       |       |       |       |       |       |    36 ||    36
         Haunt             |       |       |       |       |       |       |       |       |    23 ||    23
         Martyr's Knell    |       |       |       |       |       |       |       |       |    19 ||    19
         Infestation       |       |       |       |       |       |       |       |       |    18 ||    18
         Borgnjor's Vile C |       |       |       |       |       |       |       |       |    13 ||    13
         Fugue of the Fall |       |       |       |       |       |       |       |       |    12 ||    12
         Maxwell's Capacit |       |       |       |       |       |       |       |       |     7 ||     7
         Chain Lightning   |       |       |       |       |       |       |       |       |     6 ||     6
         Fire Storm        |       |       |       |       |       |       |       |       |     5 ||     5
         Polar Vortex      |       |       |       |       |       |       |       |       |     4 ||     4
         Discord           |       |       |       |       |       |       |       |       |     4 ||     4
         Yara's Violent Un |       |       |       |       |       |       |       |       |     3 ||     3
         Animate Dead      |       |       |       |       |       |       |       |       |     2 ||     2
         Animate Armour    |       |       |       |       |       |       |       |       |     2 ||     2
         Manifold Assault  |       |       |       |       |       |       |       |       |     2 ||     2
         Passage of Golubr |       |       |       |       |       |       |       |       |     1 ||     1
 Invoke: Convert to Beogh  |       |       |     1 |       |       |       |       |       |       ||     1
         Smiting           |       |       |       |     3 |     1 |     4 |     4 |    17 |   185 ||   214
         Give Item to Name |       |       |       |       |     3 |       |     4 |     5 |    48 ||    60
         Recall Orcish Fol |       |       |       |       |     6 |     5 |    20 |    14 |    62 ||   107
         Stop Recall       |       |       |       |       |     6 |     5 |    10 |    14 |    40 ||    75
         Resurrection      |       |       |       |       |     1 |       |       |     1 |     8 ||    10
Ability: Siphon Essence    |       |       |       |       |       |       |       |       |     1 ||     1
  Evoke: Wand              |       |       |       |     1 |     1 |       |     1 |     2 |    19 ||    24
         Phantom mirror    |       |       |       |     1 |       |       |       |       |       ||     1
         Phial of floods   |       |       |       |       |     1 |       |     2 |       |     4 ||     7
         Lightning rod     |       |       |       |       |       |       |       |       |     4 ||     4
         Horn of Geryon    |       |       |       |       |       |       |       |       |     4 ||     4
         Box of beasts     |       |       |       |       |       |       |       |       |     1 ||     1
         Figurine of a zig |       |       |       |       |       |       |       |       |     1 ||     1
    Use: Scroll            |       |       |       |     4 |     9 |     2 |     8 |    15 |   116 ||   154
         Potion            |       |       |       |       |     3 |     4 |     1 |     4 |    89 ||   101
   Stab: Distracted        |       |       |       |     3 |     9 |     1 |    17 |    35 |   235 ||   300
         Paralysed         |       |       |       |       |     2 |       |     2 |       |     1 ||     5
         Petrified         |       |       |       |       |       |       |       |     8 |       ||     8
         Invisible         |       |       |       |       |       |       |       |       |     8 ||     8
         Confused          |       |       |       |       |       |       |       |       |     1 ||     1
         Petrifying        |       |       |       |       |       |       |       |       |     1 ||     1
 Armour: Robe              |    18 |       |       |       |       |       |       |       |       ||    18
         Ring mail         |     8 |    50 |   132 |       |       |       |       |       |       ||   190
         Plate armour      |       |       |    51 |    28 |       |       |       |       |       ||    79
         Shadow dragon sca |       |       |       |   337 |   334 |       |       |       |       ||   671
         Chain mail        |       |       |       |       |   657 |   158 |  1407 |  1727 |   629 ||  4578
         Gold dragon scale |       |       |       |       |       |       |       |       | 10196 || 10196
  Dodge: Dodged            |    35 |    28 |   118 |   113 |   351 |    34 |   428 |   405 |  3286 ||  4798
  Block: Kite shield       |       |       |       |       |   321 |    69 |  1004 |       |       ||  1394
         Reflection        |       |       |       |       |    24 |     9 |    55 |       |   295 ||   383
         Tower shield      |       |       |       |       |       |       |     4 |  1788 | 28898 || 30690
         Other             |       |       |       |       |       |       |       |       |     3 ||     3
   Form: Death             |       |       |       |       |       |       |       |       |    27 ||    27
                           |       |       |       |       |       |       |       |       |    26 ||    26
